Workbook
Name F_10: base!$E$62:$E$66
Name F_105: base!$E$362:$E$381
Name F_107: base!$E$382:$E$384
Name F_11: base!$E$67:$E$82
Name F_112: base!$E$385:$E$402
Name F_113: base!$E$403
Name F_117: base!$E$404:$E$411
Name F_12: base!$E$83:$E$91
Name F_120: base!$E$412:$E$421
Name F_122: base!$E$422:$E$424
Name F_127: base!$E$425:$E$430
Name F_13: base!$E$92:$E$107
Name F_14: base!$E$108:$E$118
Name F_140: base!$E$431:$E$438
Name F_15: base!$E$119:$E$132
Name F_150: base!$E$439:$E$444
Name F_16: base!$E$133:$E$145
Name F_160: base!$E$445:$E$452
Name F_17: base!$E$146:$E$164
Name F_185: base!$E$453:$E$464
Name F_2: base!$E$2:$E$15
Name F_205: base!$E$465:$E$471
Name F_215: base!$E$472:$E$491
Name F_245: base!$E$492:$E$517
Name F_250: base!$E$518:$E$525
Name F_255: base!$E$526:$E$529
Name F_260: base!$E$530:$E$533
Name F_270: base!$E$534:$E$540
Name F_285: base!$E$541:$E$552
Name F_29: base!$E$165:$E$168
Name F_290: base!$E$553:$E$558
Name F_295: base!$E$559:$E$572
Name F_3: base!$E$16:$E$22
Name F_30: base!$E$169:$E$171
Name F_31: base!$E$172:$E$201
Name F_320: base!$E$573:$E$592
Name F_33: base!$E$202
Name F_34: base!$E$203:$E$209
Name F_345: base!$E$593:$E$595
Name F_35: base!$E$210:$E$234
Name F_350: base!$E$596:$E$625
Name F_360: base!$E$626:$E$652
Name F_37: base!$E$235:$E$257
Name F_380: base!$E$653:$E$668
Name F_390: base!$E$669:$E$681
Name F_395: base!$E$682:$E$695
Name F_397: base!$E$696:$E$706
Name F_400: base!$E$707:$E$714
Name F_405: base!$E$715:$E$732
Name F_410: base!$E$733:$E$738
Name F_42: base!$E$258:$E$269
Name F_420: base!$E$739:$E$756
Name F_428: base!$E$757:$E$768
Name F_435: base!$E$769:$E$772
Name F_440: base!$E$773:$E$810
Name F_445: base!$E$811:$E$832
Name F_45: base!$E$270:$E$284
Name F_450: base!$E$833:$E$858
Name F_452: base!$E$859:$E$865
Name F_460: base!$E$866:$E$881

Sheet Dados
B2: ENTRADA DE DADOS
B3: BDI | C3: BDI Sem Desoneração: 22,07%
B4: BDI DIFERENCIADO | C4: BDI: 17,69 %, EXCLUSIVO PARA O INSUMO DE CBUQ (Conforme Art. 4º Portaria DNIT 1.078, de 11 de agosto de 2015);
C5: Preços básicos médios de mercado com Leis Sociais e BDI incluidos;
B6: BASE | C6: Base de preços tabela do SINAPI Agosto/2025 e SICRO/DNIT Julho/2025 NÃO DESONERADOS;
C7: Distâncias médias de transporte (DMT) consideradas, em anexo; e
B8: RR-2C | C8: RR-2C - Base de preços ANP - PREÇO MÉDIO MENSAL PONDERADO PRATICADO PELOS DISTRIBUIDORES DE PRODUTOS ASFÁLTICOS (R$/KG), acrescido 17% de ICMS - agosto/2025.
B9: CM-30 | C9: .
B11: ART | C11: ART Nº 13128990
B12: DATA | C12: DATA: 10 de outubro de 2025

Sheet Identificação
B1: IDENTIFICAÇÃO
B2: Modalidade* | C2: Concorrência | E2: N° * | G2: Ano * | H2: 2025
B3: Descrição do Objeto | C3: Execução de Capeamento Asfáltico e Sinalização Viária da Rua Espírito Santo
B4: Órgão | C4: Prefeitura Municipal de Montenegro-RS | G4: CNPJ * | H4: 90.895.905/0001-60
B5: Tipo de Objeto* | C5: Obras e Serviços de Engenharia | D5: N° CENTRAL DE COMPRAS
B6: Preço Total Estimado | C6: ='Orçamento-base'!C6 -> 453906.91
B7: Preço Total Proposto
B8: Qtd. Itens Orçamento | C8: =COUNT('Orçamento-base'!B12:B39843) -> 33
B9: Atenção! Para incluir mais de 50 lotes, selecione as células A62 a G62 e arraste as fórmulas para baixo, de acordo com o número de lotes necessário.
B10: *Campos de preenchimento obrigatório | D10: **Campos de preenchimento obrigatório para licitação composta por lotes
B11: Nº do lote** | C11: Descrição do Lote** | D11: Estimativa | H11: Proposta
D12: Valor do lote (R$) | H12: Valor do lote (R$)
B13: 1 | C13: =C3 -> Execução de Capeamento Asfáltico e Sinalização Viária da Rua Espírito Santo | D13: =C6 -> 453906.91
B15: Carimbo e assinatura do responsável: | D15: LOCAL: MONTENEGRO/RS
D16: =Dados!C12 -> DATA: 10 de outubro de 2025
C18: GUILHERME COSTA DE OLIVEIRA
C19: Eng. Civil - CREA RS219467
C20: =Dados!C11 -> ART Nº 13128990
B21: OBSERVAÇÕES
B22: =Dados!C3 -> BDI Sem Desoneração: 22,07%
B23: =Dados!C4 -> BDI: 17,69 %, EXCLUSIVO PARA O INSUMO DE CBUQ (Conforme Art. 4º Portaria DNIT 1.078, de 11 de agosto de 2015);
B24: =Dados!C5 -> Preços básicos médios de mercado com Leis Sociais e BDI incluidos;
B25: =Dados!C6 -> Base de preços tabela do SINAPI Agosto/2025 e SICRO/DNIT Julho/2025 NÃO DESONERADOS;
B26: =Dados!C7 -> Distâncias médias de transporte (DMT) consideradas, em anexo; e
B27: =Dados!C8 -> RR-2C - Base de preços ANP - PREÇO MÉDIO MENSAL PONDERADO PRATICADO PELOS DISTRIBUIDORES DE PRODUTOS ASFÁLTICOS (R$/KG), acrescido 17% de ICMS - agosto/2025.
B28: =Dados!C9 -> .

Sheet Orçamento-base
A1: PLANILHA ORÇAMENTÁRIA
A2: Modalidade | C2: =Identificação!C2 -> Concorrência | H2: N° | I2: =Identificação!F2 -> 0 | J2: Ano | K2: =Identificação!H2 -> 2025
A3: Descrição do Objeto | C3: =Identificação!C3 -> Execução de Capeamento Asfáltico e Sinalização Viária da Rua Espírito Santo
A4: Órgão | C4: =Identificação!C4 -> Prefeitura Municipal de Montenegro-RS | J4: CNPJ | K4: =Identificação!H4 -> 90.895.905/0001-60
A5: Tipo de Objeto | C5: =Identificação!C5 -> Obras e Serviços de Engenharia
A6: Preço T. Estimado | C6: =SUMIFS(K12:K39843,B12:B39843,">0",K12:K39843,"<>0") -> 453906.91
V8: INSERIR DO ORÇAFASCIO | X8: SUBTOTAIS SEM BDI
A9: Nº do Lote*** | B9: N° Ordem | C9: Nº Item* | D9: Fonte de Referência** | E9: Código de Referência** | F9: Data de Referência** | G9: Descrição do item* | H9: Estimativa | N9: Família | P9: Subfamília | R9: Tipo de Orçamento | S9: Pr. Unit. Material | T9: Pr. Unit. Mão de obra | V9: Pr. Unit. Material | W9: Pr. Unit. Mão de obra | X9: Pr. Unit. Material | Y9: Pr. Unit. Mão de obra
H10: Qtd.* | I10: Unid.* | J10: Preço unitário (R$)* | K10: Preço Total (R$) | L10: % BDI** | M10: % Encargos Sociais** | N10: Código | O10: Descrição | P10: Código | Q10: Descrição | AA10: Qtde. Orçafascio (Sem truncar)
A11: 1. SERVIÇOS PRELIMINARES
A12: 1 | B12: =IF(AND(G12<>"",H12>0,I12<>"",J12<>0,K12<>0),COUNT($B$10:B10)+1,"") -> 1 | C12: 1.1 | D12: SINAPI | E12: 103689 | F12: 45870 | G12: FORNECIMENTO E INSTALAÇÃO DE PLACA DE OBRA COM CHAPA GALVANIZADA E ESTRUTURA DE MADEIRA. AF_03/2022_PS | H12: =TRUNC((AA12),2) -> 2.88 | I12: m² | J12: =IFERROR(IF(S12+T12<>0,TRUNC(TRUNC(S12,4)+TRUNC(T12,4),4),""),"") -> 564.35 | K12: =IFERROR(IF(H12*J12<>0,TRUNC(TRUNC(H12,4)*TRUNC(J12,4),2),""),"") -> 1625.32 | L12: =$Y$67 -> 0.2207 | M12: 1.1288 | R12: Mão-de-obra e material | S12: =TRUNC((V12*L12)+V12,2) -> 522.41 | T12: =TRUNC((W12*L12)+W12,2) -> 41.94 | V12: 427.96 | W12: 34.36 | X12: =(H12*V12) -> 1232.5248 | Y12: =(H12*W12) -> 98.9568 | AA12: 2.88
A13: 1 | B13: =IF(AND(G13<>"",H13>0,I13<>"",J13<>0,K13<>0),COUNT($B$12:B12)+1,"") -> 2 | C13: 1.2 | D13: SINAPI | E13: 103695 | F13: 45870 | G13: FORNECIMENTO E INSTALAÇÃO DE SUPORTE DE MADEIRA PARA PLACAS DE SINALIZAÇÃO, EM SOLO, COM H= DE 2,0 M E SEÇÃO DE 7,5 X 7,5 CM. AF_03/2022 | H13: =TRUNC((AA13),2) -> 2 | I13: UN | J13: =IFERROR(IF(S13+T13<>0,TRUNC(TRUNC(S13,4)+TRUNC(T13,4),4),""),"") -> 124.16 | K13: =IFERROR(IF(H13*J13<>0,TRUNC(TRUNC(H13,4)*TRUNC(J13,4),2),""),"") -> 248.32 | L13: =$Y$67 -> 0.2207 | M13: 1.1288 | R13: Mão-de-obra e material | S13: =TRUNC((V13*L13)+V13,2) -> 84.96 | T13: =TRUNC((W13*L13)+W13,2) -> 39.2 | V13: 69.6 | W13: 32.12 | X13: =(H13*V13) -> 139.2 | Y13: =(H13*W13) -> 64.24 | AA13: 2
A14: 1 | B14: =IF(AND(G14<>"",H14>0,I14<>"",J14<>0,K14<>0),COUNT($B$12:B13)+1,"") -> 3 | C14: 1.3 | D14: SICRO/DNIT | E14: 5213835 | F14: 45839 | G14: CONE PLÁSTICO PARA CANALIZAÇÃO DE TRÂNSITO - UTILIZAÇÃO DE 150 CICLOS - FORNECIMENTO, 01 IMPLANTAÇÃO E 01 RETIRADA DIÁRIA | H14: =TRUNC((AA14),2) -> 600 | I14: un.dia | J14: =IFERROR(IF(S14+T14<>0,TRUNC(TRUNC(S14,4)+TRUNC(T14,4),4),""),"") -> 1.01 | K14: =IFERROR(IF(H14*J14<>0,TRUNC(TRUNC(H14,4)*TRUNC(J14,4),2),""),"") -> 606 | L14: =$Y$67 -> 0.2207 | M14: 1.1288 | R14: Material | S14: =TRUNC((V14*L14)+V14,2) -> 0.95 | T14: =TRUNC((W14*L14)+W14,2) -> 0.06 | V14: 0.78 | W14: 0.05 | X14: =(H14*V14) -> 468 | Y14: =(H14*W14) -> 30 | AA14: 600
A15: 1 | B15: =IF(AND(G15<>"",H15>0,I15<>"",J15<>0,K15<>0),COUNT($B$12:B14)+1,"") -> 4 | C15: 1.4 | D15: SICRO/DNIT | E15: 5212560 | F15: 45839 | G15: PLACA DE ADVERTÊNCIA PARA SINALIZAÇÃO DE OBRAS MONTADA EM SUPORTE METÁLICO MÓVEL, LADO 1,00 M - UTILIZAÇÃO DE 600 CICLOS - FORNECIMENTO, 01 IMPLANTAÇÃO E 01 RETIRADA DIÁRIA | H15: =TRUNC((AA15),2) -> 120 | I15: un.dia | J15: =IFERROR(IF(S15+T15<>0,TRUNC(TRUNC(S15,4)+TRUNC(T15,4),4),""),"") -> 4.98 | K15: =IFERROR(IF(H15*J15<>0,TRUNC(TRUNC(H15,4)*TRUNC(J15,4),2),""),"") -> 597.6 | L15: =$Y$67 -> 0.2207 | M15: 1.1288 | R15: Material | S15: =TRUNC((V15*L15)+V15,2) -> 3.73 | T15: =TRUNC((W15*L15)+W15,2) -> 1.25 | V15: 3.06 | W15: 1.03 | X15: =(H15*V15) -> 367.2 | Y15: =(H15*W15) -> 123.6 | AA15: 120
A16: 1 | B16: =IF(AND(G16<>"",H16>0,I16<>"",J16<>0,K16<>0),COUNT($B$12:B15)+1,"") -> 5 | C16: 1.5 | D16: COMPOSICAO_PROPRIA | E16: A-A | F16: 45839 | G16: MOBILIZAÇÃO E DESMOBILIZAÇÃO DE EQUIPES E EQUIPAMENTOS PARA CAPEAMENTO | H16: =TRUNC((AA16),2) -> 1 | I16: UN | J16: =IFERROR(IF(S16+T16<>0,TRUNC(TRUNC(S16,4)+TRUNC(T16,4),4),""),"") -> 5414.21 | K16: =IFERROR(IF(H16*J16<>0,TRUNC(TRUNC(H16,4)*TRUNC(J16,4),2),""),"") -> 5414.21 | L16: =$Y$67 -> 0.2207 | M16: 1.1288 | R16: Serviço | S16: =TRUNC((V16*L16)+V16,2) -> 5414.21 | T16: =TRUNC((W16*L16)+W16,2) -> 0 | V16: 4435.34 | W16: 0 | X16: =(H16*V16) -> 4435.34 | Y16: =(H16*W16) -> 0 | AA16: 1
A17: 1 | B17: =IF(AND(G17<>"",H17>0,I17<>"",J17<>0,K17<>0),COUNT($B$12:B16)+1,"") -> 6 | C17: 1.6 | D17: SINAPI | E17: 90777 | F17: 45870 | G17: RESPONSÁVEL TÉCNICO | H17: =TRUNC((AA17),2) -> 16 | I17: H | J17: =IFERROR(IF(S17+T17<>0,TRUNC(TRUNC(S17,4)+TRUNC(T17,4),4),""),"") -> 157.41 | K17: =IFERROR(IF(H17*J17<>0,TRUNC(TRUNC(H17,4)*TRUNC(J17,4),2),""),"") -> 2518.56 | L17: =$Y$67 -> 0.2207 | M17: 1.1288 | R17: Mão-de-obra e material | S17: =TRUNC((V17*L17)+V17,2) -> 2.79 | T17: =TRUNC((W17*L17)+W17,2) -> 154.62 | V17: 2.29 | W17: 126.67 | X17: =(H17*V17) -> 36.64 | Y17: =(H17*W17) -> 2026.72 | AA17: 16
A18: 2. MEIO-FIO E ADEQUAÇÕES
A19: 1 | B19: =IF(AND(G19<>"",H19>0,I19<>"",J19<>0,K19<>0),COUNT($B$10:B18)+1,"") -> 7 | C19: 2.1 | D19: SINAPI | E19: 94273 | F19: 45870 | G19: ASSENTAMENTO DE GUIA (MEIO-FIO) EM TRECHO RETO, CONFECCIONADA EM CONCRETO PRÉ-FABRICADO, DIMENSÕES 100X15X13X30 CM (COMPRIMENTO X BASE INFERIOR X BASE SUPERIOR X ALTURA). AF_01/2024 | H19: =TRUNC((AA19),2) -> 8 | I19: m | J19: =IFERROR(IF(S19+T19<>0,TRUNC(TRUNC(S19,4)+TRUNC(T19,4),4),""),"") -> 62.1 | K19: =IFERROR(IF(H19*J19<>0,TRUNC(TRUNC(H19,4)*TRUNC(J19,4),2),""),"") -> 496.8 | L19: =$Y$67 -> 0.2207 | M19: 1.1288 | R19: Mão-de-obra e material | S19: =TRUNC((V19*L19)+V19,2) -> 50.09 | T19: =TRUNC((W19*L19)+W19,2) -> 12.01 | V19: 41.04 | W19: 9.84 | X19: =(H19*V19) -> 328.32 | Y19: =(H19*W19) -> 78.72 | AA19: 8
A20: 1 | B20: =IF(AND(G20<>"",H20>0,I20<>"",J20<>0,K20<>0),COUNT($B$10:B19)+1,"") -> 8 | C20: 2.2 | D20: SICRO3 | E20: 5915014 | F20: 45839 | G20: Transporte com caminhão carroceria com capacidade de 11 t e com guindauto de 45 t.m - rodovia pavimentada | H20: =TRUNC((AA20),2) -> 21.93 | I20: tkm | J20: =IFERROR(IF(S20+T20<>0,TRUNC(TRUNC(S20,4)+TRUNC(T20,4),4),""),"") -> 1.63 | K20: =IFERROR(IF(H20*J20<>0,TRUNC(TRUNC(H20,4)*TRUNC(J20,4),2),""),"") -> 35.74 | L20: =$Y$67 -> 0.2207 | M20: 1.1288 | R20: Material | S20: =TRUNC((V20*L20)+V20,2) -> 1.63 | T20: =TRUNC((W20*L20)+W20,2) -> 0 | V20: 1.34 | W20: 0 | X20: =(H20*V20) -> 29.3862 | Y20: =(H20*W20) -> 0 | AA20: 21.9328
A21: 1 | B21: =IF(AND(G21<>"",H21>0,I21<>"",J21<>0,K21<>0),COUNT($B$10:B20)+1,"") -> 9 | C21: 2.3 | D21: SINAPI | E21: 104790 | F21: 45870 | G21: DEMOLIÇÃO DE PISO DE CONCRETO SIMPLES, DE FORMA MECANIZADA COM MARTELETE, SEM REAPROVEITAMENTO. AF_09/2023 | H21: =TRUNC((AA21),2) -> 4.5 | I21: m³ | J21: =IFERROR(IF(S21+T21<>0,TRUNC(TRUNC(S21,4)+TRUNC(T21,4),4),""),"") -> 161.85 | K21: =IFERROR(IF(H21*J21<>0,TRUNC(TRUNC(H21,4)*TRUNC(J21,4),2),""),"") -> 728.32 | L21: =$Y$67 -> 0.2207 | M21: 1.1288 | R21: Mão-de-obra e material | S21: =TRUNC((V21*L21)+V21,2) -> 73.13 | T21: =TRUNC((W21*L21)+W21,2) -> 88.72 | V21: 59.91 | W21: 72.68 | X21: =(H21*V21) -> 269.595 | Y21: =(H21*W21) -> 327.06 | AA21: 4.5
A22: 1 | B22: =IF(AND(G22<>"",H22>0,I22<>"",J22<>0,K22<>0),COUNT($B$10:B21)+1,"") -> 10 | C22: 2.4 | D22: SICRO3 | E22: 5915407 | F22: 45839 | G22: Carga, manobra e descarga de agregados ou solos em caminhão basculante de 10 m³ - carga com carregadeira de 3,40 m³ e descarga livre | H22: =TRUNC((AA22),2) -> 11.25 | I22: t | J22: =IFERROR(IF(S22+T22<>0,TRUNC(TRUNC(S22,4)+TRUNC(T22,4),4),""),"") -> 3.63 | K22: =IFERROR(IF(H22*J22<>0,TRUNC(TRUNC(H22,4)*TRUNC(J22,4),2),""),"") -> 40.83 | L22: =$Y$67 -> 0.2207 | M22: 1.1288 | R22: Material | S22: =TRUNC((V22*L22)+V22,2) -> 3.63 | T22: =TRUNC((W22*L22)+W22,2) -> 0 | V22: 2.98 | W22: 0 | X22: =(H22*V22) -> 33.525 | Y22: =(H22*W22) -> 0 | AA22: 11.25
A23: 1 | B23: =IF(AND(G23<>"",H23>0,I23<>"",J23<>0,K23<>0),COUNT($B$10:B22)+1,"") -> 11 | C23: 2.5 | D23: SINAPI | E23: 97914 | F23: 45870 | G23: TRANSPORTE COM CAMINHÃO BASCULANTE DE 6 M³, EM VIA URBANA PAVIMENTADA, DMT ATÉ 30 KM (UNIDADE: M3XKM). AF_07/2020 | H23: =TRUNC((AA23),2) -> 38.47 | I23: m3xkm | J23: =IFERROR(IF(S23+T23<>0,TRUNC(TRUNC(S23,4)+TRUNC(T23,4),4),""),"") -> 3.84 | K23: =IFERROR(IF(H23*J23<>0,TRUNC(TRUNC(H23,4)*TRUNC(J23,4),2),""),"") -> 147.72 | L23: =$Y$67 -> 0.2207 | M23: 1.1288 | R23: Mão-de-obra e material | S23: =TRUNC((V23*L23)+V23,2) -> 3.27 | T23: =TRUNC((W23*L23)+W23,2) -> 0.57 | V23: 2.68 | W23: 0.47 | X23: =(H23*V23) -> 103.0996 | Y23: =(H23*W23) -> 18.0809 | AA23: 38.475
A24: 3. CAPEAMENTO ASFÁLTICO
A25: 1 | B25: =IF(AND(G25<>"",H25>0,I25<>"",J25<>0,K25<>0),COUNT($B$10:B24)+1,"") -> 12 | C25: 3.1 | D25: COMPOSICAO_PROPRIA | E25: C-1 | F25: 45870 | G25: CAPINA E LIMPEZA MANUAL DE SUPERFÍCIE BASÁLTICA | H25: =TRUNC((AA25),2) -> 52.5 | I25: m² | J25: =IFERROR(IF(S25+T25<>0,TRUNC(TRUNC(S25,4)+TRUNC(T25,4),4),""),"") -> 2.65 | K25: =IFERROR(IF(H25*J25<>0,TRUNC(TRUNC(H25,4)*TRUNC(J25,4),2),""),"") -> 139.12 | L25: =$Y$67 -> 0.2207 | M25: 1.1288 | R25: Mão-de-obra e material | S25: =TRUNC((V25*L25)+V25,2) -> 0.64 | T25: =TRUNC((W25*L25)+W25,2) -> 2.01 | V25: 0.53 | W25: 1.65 | X25: =(H25*V25) -> 27.825 | Y25: =(H25*W25) -> 86.625 | AA25: 52.5
A26: 1 | B26: =IF(AND(G26<>"",H26>0,I26<>"",J26<>0,K26<>0),COUNT($B$10:B25)+1,"") -> 13 | C26: 3.2 | D26: COMPOSICAO_PROPRIA | E26: C | F26: 45870 | G26: VARRIÇÃO E LIMPEZA DA PISTA COM VASSOURA MECÂNICA ACOPLADA - M² | H26: =TRUNC((AA26),2) -> 2806.75 | I26: m² | J26: =IFERROR(IF(S26+T26<>0,TRUNC(TRUNC(S26,4)+TRUNC(T26,4),4),""),"") -> 1.48 | K26: =IFERROR(IF(H26*J26<>0,TRUNC(TRUNC(H26,4)*TRUNC(J26,4),2),""),"") -> 4153.99 | L26: =$Y$67 -> 0.2207 | M26: 1.1288 | R26: Mão-de-obra e material | S26: =TRUNC((V26*L26)+V26,2) -> 1.03 | T26: =TRUNC((W26*L26)+W26,2) -> 0.45 | V26: 0.85 | W26: 0.37 | X26: =(H26*V26) -> 2385.7375 | Y26: =(H26*W26) -> 1038.4975 | AA26: 2806.75
A27: 1 | B27: =IF(AND(G27<>"",H27>0,I27<>"",J27<>0,K27<>0),COUNT($B$10:B26)+1,"") -> 14 | C27: 3.3 | D27: COMPOSICAO_PROPRIA | E27: D-2025/2 | F27: 45870 | G27: EXECUÇÃO DE PINTURA DE LIGAÇÃO COM EMULSÃO ASFÁLTICA RR-2C - M² | H27: =TRUNC((AA27),2) -> 2419.97 | I27: m² | J27: =IFERROR(IF(S27+T27<>0,TRUNC(TRUNC(S27,4)+TRUNC(T27,4),4),""),"") -> 3.6 | K27: =IFERROR(IF(H27*J27<>0,TRUNC(TRUNC(H27,4)*TRUNC(J27,4),2),""),"") -> 8711.89 | L27: =$Y$67 -> 0.2207 | M27: 1.1288 | R27: Mão-de-obra e material | S27: =TRUNC((V27*L27)+V27,2) -> 3.34 | T27: =TRUNC((W27*L27)+W27,2) -> 0.26 | V27: 2.74 | W27: 0.22 | X27: =(H27*V27) -> 6630.7178 | Y27: =(H27*W27) -> 532.3934 | AA27: 2419.97
A28: 1 | B28: =IF(AND(G28<>"",H28>0,I28<>"",J28<>0,K28<>0),COUNT($B$10:B27)+1,"") -> 15 | C28: 3.4 | D28: SICRO/DNIT | E28: 5914622 | F28: 45839 | G28: Transporte de material betuminoso com caminhão tanque distribuidor - rodovia pavimentada | H28: =TRUNC((AA28),2) -> 57.38 | I28: tkm | J28: =IFERROR(IF(S28+T28<>0,TRUNC(TRUNC(S28,4)+TRUNC(T28,4),4),""),"") -> 2.69 | K28: =IFERROR(IF(H28*J28<>0,TRUNC(TRUNC(H28,4)*TRUNC(J28,4),2),""),"") -> 154.35 | L28: =$Y$67 -> 0.2207 | M28: 1.1288 | R28: Material | S28: =TRUNC((V28*L28)+V28,2) -> 2.69 | T28: =TRUNC((W28*L28)+W28,2) -> 0 | V28: 2.21 | W28: 0 | X28: =(H28*V28) -> 126.8098 | Y28: =(H28*W28) -> 0 | AA28: 57.389589
A29: 1 | B29: =IF(AND(G29<>"",H29>0,I29<>"",J29<>0,K29<>0),COUNT($B$10:B28)+1,"") -> 16 | C29: 3.5 | D29: COMPOSICAO_PROPRIA | E29: B | F29: 45870 | G29: EXECUÇÃO DE PAVIMENTO COM APLICAÇÃO DE CONCRETO ASFÁLTICO - EXCLUSIVE FORNECIMENTO DE MATERIAL, CARGA E TRANSPORTE (COMPOSIÇÃO 95995) | H29: =TRUNC((AA29),2) -> 72.59 | I29: m³ | J29: =IFERROR(IF(S29+T29<>0,TRUNC(TRUNC(S29,4)+TRUNC(T29,4),4),""),"") -> 159.94 | K29: =IFERROR(IF(H29*J29<>0,TRUNC(TRUNC(H29,4)*TRUNC(J29,4),2),""),"") -> 11610.04 | L29: =$Y$67 -> 0.2207 | M29: 1.1288 | R29: Mão-de-obra e material | S29: =TRUNC((V29*L29)+V29,2) -> 107.36 | T29: =TRUNC((W29*L29)+W29,2) -> 52.58 | V29: 87.95 | W29: 43.08 | X29: =(H29*V29) -> 6384.2905 | Y29: =(H29*W29) -> 3127.1772 | AA29: 72.5991
A30: 1 | B30: =IF(AND(G30<>"",H30>0,I30<>"",J30<>0,K30<>0),COUNT($B$10:B29)+1,"") -> 17 | C30: 3.6 | D30: SINAPI | E30: 00001518 | F30: 45870 | G30: CONCRETO BETUMINOSO USINADO A QUENTE (CBUQ) PARA PAVIMENTACAO ASFALTICA, PADRAO DNIT, FAIXA C, COM CAP 50/70 - AQUISICAO POSTO USINA | H30: =TRUNC((AA30),2) -> 185.47 | I30: T | J30: =IFERROR(IF(S30+T30<>0,TRUNC(TRUNC(S30,4)+TRUNC(T30,4),4),""),"") -> 956.23 | K30: =IFERROR(IF(H30*J30<>0,TRUNC(TRUNC(H30,4)*TRUNC(J30,4),2),""),"") -> 177351.97 | L30: =Y68 -> 0.1769 | M30: 1.1288 | R30: Material | S30: =TRUNC((V30*L30)+V30,2) -> 956.23 | T30: =TRUNC((W30*L30)+W30,2) -> 0 | V30: 812.5 | W30: 0 | X30: =(H30*V30) -> 150694.38 | Y30: =(H30*W30) -> 0 | AA30: 185.47593
A31: 1 | B31: =IF(AND(G31<>"",H31>0,I31<>"",J31<>0,K31<>0),COUNT($B$10:B30)+1,"") -> 18 | C31: 3.7 | D31: SICRO/DNIT | E31: 5914612 | F31: 45839 | G31: Transporte de mistura betuminosa a quente com caminhão com caçamba térmica de 6 m³ - rodovia pavimentada | H31: =TRUNC((AA31),2) -> 4104.58 | I31: tkm | J31: =IFERROR(IF(S31+T31<>0,TRUNC(TRUNC(S31,4)+TRUNC(T31,4),4),""),"") -> 1.08 | K31: =IFERROR(IF(H31*J31<>0,TRUNC(TRUNC(H31,4)*TRUNC(J31,4),2),""),"") -> 4432.94 | L31: =$Y$67 -> 0.2207 | M31: 1.1288 | R31: Material | S31: =TRUNC((V31*L31)+V31,2) -> 1.08 | T31: =TRUNC((W31*L31)+W31,2) -> 0 | V31: 0.89 | W31: 0 | X31: =(H31*V31) -> 3653.0762 | Y31: =(H31*W31) -> 0 | AA31: 4104.5817
A32: 1 | B32: =IF(AND(G32<>"",H32>0,I32<>"",J32<>0,K32<>0),COUNT($B$10:B31)+1,"") -> 19 | C32: 3.8 | D32: COMPOSICAO_PROPRIA | E32: D-2025/2 | F32: 45870 | G32: EXECUÇÃO DE PINTURA DE LIGAÇÃO COM EMULSÃO ASFÁLTICA RR-2C - M² | H32: =TRUNC((AA32),2) -> 2645.58 | I32: m² | J32: =IFERROR(IF(S32+T32<>0,TRUNC(TRUNC(S32,4)+TRUNC(T32,4),4),""),"") -> 3.6 | K32: =IFERROR(IF(H32*J32<>0,TRUNC(TRUNC(H32,4)*TRUNC(J32,4),2),""),"") -> 9524.08 | L32: =$Y$67 -> 0.2207 | M32: 1.1288 | R32: Mão-de-obra e material | S32: =TRUNC((V32*L32)+V32,2) -> 3.34 | T32: =TRUNC((W32*L32)+W32,2) -> 0.26 | V32: 2.74 | W32: 0.22 | X32: =(H32*V32) -> 7248.8892 | Y32: =(H32*W32) -> 582.0276 | AA32: 2645.58
A33: 1 | B33: =IF(AND(G33<>"",H33>0,I33<>"",J33<>0,K33<>0),COUNT($B$10:B32)+1,"") -> 20 | C33: 3.9 | D33: SICRO/DNIT | E33: 5914622 | F33: 45839 | G33: Transporte de material betuminoso com caminhão tanque distribuidor - rodovia pavimentada | H33: =TRUNC((AA33),2) -> 62.73 | I33: tkm | J33: =IFERROR(IF(S33+T33<>0,TRUNC(TRUNC(S33,4)+TRUNC(T33,4),4),""),"") -> 2.69 | K33: =IFERROR(IF(H33*J33<>0,TRUNC(TRUNC(H33,4)*TRUNC(J33,4),2),""),"") -> 168.74 | L33: =$Y$67 -> 0.2207 | M33: 1.1288 | R33: Material | S33: =TRUNC((V33*L33)+V33,2) -> 2.69 | T33: =TRUNC((W33*L33)+W33,2) -> 0 | V33: 2.21 | W33: 0 | X33: =(H33*V33) -> 138.6333 | Y33: =(H33*W33) -> 0 | AA33: 62.73993
A34: 1 | B34: =IF(AND(G34<>"",H34>0,I34<>"",J34<>0,K34<>0),COUNT($B$10:B33)+1,"") -> 21 | C34: 3.10 | D34: COMPOSICAO_PROPRIA | E34: B | F34: 45870 | G34: EXECUÇÃO DE PAVIMENTO COM APLICAÇÃO DE CONCRETO ASFÁLTICO - EXCLUSIVE FORNECIMENTO DE MATERIAL, CARGA E TRANSPORTE (COMPOSIÇÃO 95995) | H34: =TRUNC((AA34),2) -> 79.36 | I34: m³ | J34: =IFERROR(IF(S34+T34<>0,TRUNC(TRUNC(S34,4)+TRUNC(T34,4),4),""),"") -> 159.94 | K34: =IFERROR(IF(H34*J34<>0,TRUNC(TRUNC(H34,4)*TRUNC(J34,4),2),""),"") -> 12692.83 | L34: =$Y$67 -> 0.2207 | M34: 1.1288 | R34: Mão-de-obra e material | S34: =TRUNC((V34*L34)+V34,2) -> 107.36 | T34: =TRUNC((W34*L34)+W34,2) -> 52.58 | V34: 87.95 | W34: 43.08 | X34: =(H34*V34) -> 6979.712 | Y34: =(H34*W34) -> 3418.8288 | AA34: 79.3674
A35: 1 | B35: =IF(AND(G35<>"",H35>0,I35<>"",J35<>0,K35<>0),COUNT($B$10:B34)+1,"") -> 22 | C35: 3.11 | D35: SINAPI | E35: 00001518 | F35: 45870 | G35: CONCRETO BETUMINOSO USINADO A QUENTE (CBUQ) PARA PAVIMENTACAO ASFALTICA, PADRAO DNIT, FAIXA C, COM CAP 50/70 - AQUISICAO POSTO USINA | H35: =TRUNC((AA35),2) -> 202.76 | I35: T | J35: =IFERROR(IF(S35+T35<>0,TRUNC(TRUNC(S35,4)+TRUNC(T35,4),4),""),"") -> 956.23 | K35: =IFERROR(IF(H35*J35<>0,TRUNC(TRUNC(H35,4)*TRUNC(J35,4),2),""),"") -> 193885.19 | L35: =Y68 -> 0.1769 | M35: 1.1288 | R35: Material | S35: =TRUNC((V35*L35)+V35,2) -> 956.23 | T35: =TRUNC((W35*L35)+W35,2) -> 0 | V35: 812.5 | W35: 0 | X35: =(H35*V35) -> 164742.5 | Y35: =(H35*W35) -> 0 | AA35: 202.76783
A36: 1 | B36: =IF(AND(G36<>"",H36>0,I36<>"",J36<>0,K36<>0),COUNT($B$10:B35)+1,"") -> 23 | C36: 3.12 | D36: SICRO/DNIT | E36: 5914612 | F36: 45839 | G36: Transporte de mistura betuminosa a quente com caminhão com caçamba térmica de 6 m³ - rodovia pavimentada | H36: =TRUNC((AA36),2) -> 4487.25 | I36: tkm | J36: =IFERROR(IF(S36+T36<>0,TRUNC(TRUNC(S36,4)+TRUNC(T36,4),4),""),"") -> 1.08 | K36: =IFERROR(IF(H36*J36<>0,TRUNC(TRUNC(H36,4)*TRUNC(J36,4),2),""),"") -> 4846.23 | L36: =$Y$67 -> 0.2207 | M36: 1.1288 | R36: Material | S36: =TRUNC((V36*L36)+V36,2) -> 1.08 | T36: =TRUNC((W36*L36)+W36,2) -> 0 | V36: 0.89 | W36: 0 | X36: =(H36*V36) -> 3993.6525 | Y36: =(H36*W36) -> 0 | AA36: 4487.2514
A37: 4. SINALIZAÇÃO VIÁRIA
A38: 1 | B38: =IF(AND(G38<>"",H38>0,I38<>"",J38<>0,K38<>0),COUNT($B$10:B37)+1,"") -> 24 | C38: 4.1 | D38: COMPOSICAO_PROPRIA | E38: LIMP-01 | F38: 45870 | G38: Limpeza de superfície asfáltica com soprador de ar | H38: =TRUNC((AA38),2) -> 296.32 | I38: m² | J38: =IFERROR(IF(S38+T38<>0,TRUNC(TRUNC(S38,4)+TRUNC(T38,4),4),""),"") -> 1.33 | K38: =IFERROR(IF(H38*J38<>0,TRUNC(TRUNC(H38,4)*TRUNC(J38,4),2),""),"") -> 394.1 | L38: =$Y$67 -> 0.2207 | M38: 1.1288 | R38: Mão-de-obra e material | S38: =TRUNC((V38*L38)+V38,2) -> 0.04 | T38: =TRUNC((W38*L38)+W38,2) -> 1.29 | V38: 0.04 | W38: 1.06 | X38: =(H38*V38) -> 11.8528 | Y38: =(H38*W38) -> 314.0992 | AA38: 296.32
A39: 1 | B39: =IF(AND(G39<>"",H39>0,I39<>"",J39<>0,K39<>0),COUNT($B$10:B38)+1,"") -> 25 | C39: 4.2 | D39: SINAPI | E39: 102512 | F39: 45870 | G39: PINTURA DE EIXO VIÁRIO SOBRE ASFALTO COM TINTA RETRORREFLETIVA A BASE DE RESINA ACRÍLICA COM MICROESFERAS DE VIDRO, APLICAÇÃO MECÂNICA COM DEMARCADORA AUTOPROPELIDA. AF_05/2021 | H39: =TRUNC((AA39),2) -> 340.73 | I39: m | J39: =IFERROR(IF(S39+T39<>0,TRUNC(TRUNC(S39,4)+TRUNC(T39,4),4),""),"") -> 8.55 | K39: =IFERROR(IF(H39*J39<>0,TRUNC(TRUNC(H39,4)*TRUNC(J39,4),2),""),"") -> 2913.24 | L39: =$Y$67 -> 0.2207 | M39: 1.1288 | R39: Mão-de-obra e material | S39: =TRUNC((V39*L39)+V39,2) -> 5.7 | T39: =TRUNC((W39*L39)+W39,2) -> 2.85 | V39: 4.67 | W39: 2.34 | X39: =(H39*V39) -> 1591.2091 | Y39: =(H39*W39) -> 797.3082 | AA39: 340.73
A40: 1 | B40: =IF(AND(G40<>"",H40>0,I40<>"",J40<>0,K40<>0),COUNT($B$10:B39)+1,"") -> 26 | C40: 4.3 | D40: SINAPI | E40: 102509 | F40: 45870 | G40: PINTURA DE FAIXA DE PEDESTRE, RETENÇÃO, TEXTOS E SÍMBOLOS COM TINTA RETRORREFLETIVA A BASE DE RESINA ACRÍLICA COM MICROESFERAS DE VIDRO, E = 30 CM, APLICAÇÃO MANUAL. AF_05/2021 | H40: =TRUNC((AA40),2) -> 71.8 | I40: m² | J40: =IFERROR(IF(S40+T40<>0,TRUNC(TRUNC(S40,4)+TRUNC(T40,4),4),""),"") -> 36.44 | K40: =IFERROR(IF(H40*J40<>0,TRUNC(TRUNC(H40,4)*TRUNC(J40,4),2),""),"") -> 2616.39 | L40: =$Y$67 -> 0.2207 | M40: 1.1288 | R40: Mão-de-obra e material | S40: =TRUNC((V40*L40)+V40,2) -> 22.79 | T40: =TRUNC((W40*L40)+W40,2) -> 13.65 | V40: 18.67 | W40: 11.19 | X40: =(H40*V40) -> 1340.506 | Y40: =(H40*W40) -> 803.442 | AA40: 71.8
A41: 1 | B41: =IF(AND(G41<>"",H41>0,I41<>"",J41<>0,K41<>0),COUNT($B$10:B40)+1,"") -> 27 | C41: 4.4 | D41: SINAPI | E41: 102498 | F41: 45870 | G41: PINTURA DE MEIO-FIO COM TINTA BRANCA A BASE DE CAL (CAIAÇÃO). AF_05/2021 | H41: =TRUNC((AA41),2) -> 698 | I41: m | J41: =IFERROR(IF(S41+T41<>0,TRUNC(TRUNC(S41,4)+TRUNC(T41,4),4),""),"") -> 2.07 | K41: =IFERROR(IF(H41*J41<>0,TRUNC(TRUNC(H41,4)*TRUNC(J41,4),2),""),"") -> 1444.86 | L41: =$Y$67 -> 0.2207 | M41: 1.1288 | R41: Mão-de-obra e material | S41: =TRUNC((V41*L41)+V41,2) -> 0.68 | T41: =TRUNC((W41*L41)+W41,2) -> 1.39 | V41: 0.56 | W41: 1.14 | X41: =(H41*V41) -> 390.88 | Y41: =(H41*W41) -> 795.72 | AA41: 698
A42: 1 | B42: =IF(AND(G42<>"",H42>0,I42<>"",J42<>0,K42<>0),COUNT($B$10:B41)+1,"") -> 28 | C42: 4.5 | D42: SINAPI | E42: 102498 | F42: 45870 | G42: PINTURA DE MEIO-FIO COM TINTA AMARELA A BASE DE CAL (CAIAÇÃO). AF_05/2021 | H42: =TRUNC((AA42),2) -> 64 | I42: m | J42: =IFERROR(IF(S42+T42<>0,TRUNC(TRUNC(S42,4)+TRUNC(T42,4),4),""),"") -> 2.07 | K42: =IFERROR(IF(H42*J42<>0,TRUNC(TRUNC(H42,4)*TRUNC(J42,4),2),""),"") -> 132.48 | L42: =$Y$67 -> 0.2207 | M42: 1.1288 | R42: Mão-de-obra e material | S42: =TRUNC((V42*L42)+V42,2) -> 0.68 | T42: =TRUNC((W42*L42)+W42,2) -> 1.39 | V42: 0.56 | W42: 1.14 | X42: =(H42*V42) -> 35.84 | Y42: =(H42*W42) -> 72.96 | AA42: 64
A43: 1 | B43: =IF(AND(G43<>"",H43>0,I43<>"",J43<>0,K43<>0),COUNT($B$10:B42)+1,"") -> 29 | C43: 4.6 | D43: SICRO/DNIT | E43: 5213444 | F43: 45839 | G43: Placa de regulamentação em aço "PARE", R1 lado 0,248 m - película retrorrefletiva tipo I + SI - fornecimento e implantação | H43: =TRUNC((AA43),2) -> 1 | I43: un | J43: =IFERROR(IF(S43+T43<>0,TRUNC(TRUNC(S43,4)+TRUNC(T43,4),4),""),"") -> 343.08 | K43: =IFERROR(IF(H43*J43<>0,TRUNC(TRUNC(H43,4)*TRUNC(J43,4),2),""),"") -> 343.08 | L43: =$Y$67 -> 0.2207 | M43: 1.1288 | R43: Mão-de-obra e material | S43: =TRUNC((V43*L43)+V43,2) -> 290.83 | T43: =TRUNC((W43*L43)+W43,2) -> 52.25 | V43: 238.25 | W43: 42.81 | X43: =(H43*V43) -> 238.25 | Y43: =(H43*W43) -> 42.81 | AA43: 1
A44: 1 | B44: =IF(AND(G44<>"",H44>0,I44<>"",J44<>0,K44<>0),COUNT($B$10:B43)+1,"") -> 30 | C44: 4.7 | D44: COMPOSICAO_PROPRIA | E44: L-1 | F44: 45839 | G44: PLACA DE ADVERTÊNCIA EM AÇO, LADO DE 0,50m "PASSAGEM SINALIZADA DE PEDESTRES" A-32b | H44: =TRUNC((AA44),2) -> 3 | I44: un | J44: =IFERROR(IF(S44+T44<>0,TRUNC(TRUNC(S44,4)+TRUNC(T44,4),4),""),"") -> 261.49 | K44: =IFERROR(IF(H44*J44<>0,TRUNC(TRUNC(H44,4)*TRUNC(J44,4),2),""),"") -> 784.47 | L44: =$Y$67 -> 0.2207 | M44: 1.1288 | R44: Mão-de-obra e material | S44: =TRUNC((V44*L44)+V44,2) -> 220.76 | T44: =TRUNC((W44*L44)+W44,2) -> 40.73 | V44: 180.85 | W44: 33.37 | X44: =(H44*V44) -> 542.55 | Y44: =(H44*W44) -> 100.11 | AA44: 3
A45: 1 | B45: =IF(AND(G45<>"",H45>0,I45<>"",J45<>0,K45<>0),COUNT($B$10:B44)+1,"") -> 31 | C45: 4.8 | D45: COMPOSICAO_PROPRIA | E45: K-4 | F45: 45839 | G45: PLACA DE REGULAMENTAÇÃO EM AÇO COM DIÂMETRO DE 50cm, "VELOCIDADE MÁXIMA PERMITIDA" R-19 | H45: =TRUNC((AA45),2) -> 2 | I45: un | J45: =IFERROR(IF(S45+T45<>0,TRUNC(TRUNC(S45,4)+TRUNC(T45,4),4),""),"") -> 204.14 | K45: =IFERROR(IF(H45*J45<>0,TRUNC(TRUNC(H45,4)*TRUNC(J45,4),2),""),"") -> 408.28 | L45: =$Y$67 -> 0.2207 | M45: 1.1288 | R45: Mão-de-obra e material | S45: =TRUNC((V45*L45)+V45,2) -> 181.07 | T45: =TRUNC((W45*L45)+W45,2) -> 23.07 | V45: 148.34 | W45: 18.9 | X45: =(H45*V45) -> 296.68 | Y45: =(H45*W45) -> 37.8 | AA45: 2
A46: 1 | B46: =IF(AND(G46<>"",H46>0,I46<>"",J46<>0,K46<>0),COUNT($B$10:B45)+1,"") -> 32 | C46: 4.9 | D46: SICRO/DNIT | E46: 5213863 | F46: 45839 | G46: Suporte metálico galvanizado para placa de advertência ou regulamentação - lado ou diâmetro de 0,60 m - fornecimento e implantação | H46: =TRUNC((AA46),2) -> 6 | I46: un | J46: =IFERROR(IF(S46+T46<>0,TRUNC(TRUNC(S46,4)+TRUNC(T46,4),4),""),"") -> 601.12 | K46: =IFERROR(IF(H46*J46<>0,TRUNC(TRUNC(H46,4)*TRUNC(J46,4),2),""),"") -> 3606.72 | L46: =$Y$67 -> 0.2207 | M46: 1.1288 | R46: Mão-de-obra e material | S46: =TRUNC((V46*L46)+V46,2) -> 577.31 | T46: =TRUNC((W46*L46)+W46,2) -> 23.81 | V46: 472.94 | W46: 19.51 | X46: =(H46*V46) -> 2837.64 | Y46: =(H46*W46) -> 117.06 | AA46: 6
A47: 1 | B47: =IF(AND(G47<>"",H47>0,I47<>"",J47<>0,K47<>0),COUNT($B$10:B46)+1,"") -> 33 | C47: 4.10 | D47: COMPOSICAO_PROPRIA | E47: K-3 | F47: 45870 | G47: FORNECIMENTO E INSTALAÇÃO DE PLACA DE SINALIZAÇÃO DE IDENTIFICAÇÃO DE RUAS E SUPORTE METÁLICO, COM H= DE 2,5 M E DIÂMETRO DE 2'' | H47: =TRUNC((AA47),2) -> 2 | I47: un | J47: =IFERROR(IF(S47+T47<>0,TRUNC(TRUNC(S47,4)+TRUNC(T47,4),4),""),"") -> 566.25 | K47: =IFERROR(IF(H47*J47<>0,TRUNC(TRUNC(H47,4)*TRUNC(J47,4),2),""),"") -> 1132.5 | L47: =$Y$67 -> 0.2207 | M47: 1.1288 | R47: Mão-de-obra e material | S47: =TRUNC((V47*L47)+V47,2) -> 544.15 | T47: =TRUNC((W47*L47)+W47,2) -> 22.1 | V47: 445.77 | W47: 18.11 | X47: =(H47*V47) -> 891.54 | Y47: =(H47*W47) -> 36.22 | AA47: 2
A49: Carimbo e assinatura do responsável: | G49: =Identificação!D15 -> LOCAL: MONTENEGRO/RS | X49: =SUM(X12:X47) -> 368626 | Y49: =SUM(Y12:Y47) -> 14670.457
G50: =Dados!C12 -> DATA: 10 de outubro de 2025
D51: =Identificação!C18 -> GUILHERME COSTA DE OLIVEIRA | X51: =SUM(X49,Y49) -> 383296.45
D52: =Identificação!C19 -> Eng. Civil - CREA RS219467
D53: =Dados!C11 -> ART Nº 13128990
A54: OBSERVAÇÕES
A55: =Dados!C3 -> BDI Sem Desoneração: 22,07%
A56: =Dados!C4 -> BDI: 17,69 %, EXCLUSIVO PARA O INSUMO DE CBUQ (Conforme Art. 4º Portaria DNIT 1.078, de 11 de agosto de 2015);
A57: =Dados!C5 -> Preços básicos médios de mercado com Leis Sociais e BDI incluidos;
A58: =Dados!C6 -> Base de preços tabela do SINAPI Agosto/2025 e SICRO/DNIT Julho/2025 NÃO DESONERADOS;
A59: =Dados!C7 -> Distâncias médias de transporte (DMT) consideradas, em anexo; e
A60: =Dados!C8 -> RR-2C - Base de preços ANP - PREÇO MÉDIO MENSAL PONDERADO PRATICADO PELOS DISTRIBUIDORES DE PRODUTOS ASFÁLTICOS (R$/KG), acrescido 17% de ICMS - agosto/2025.
A61: =Dados!C9 -> .
X62: MATERIAL | Y62: MÃO DE OBRA
W63: CUSTOS FINAIS: | X63: =SUM(X12:X47) -> 368626 | Y63: =SUM(Y12:Y47) -> 14670.457
X65: % DE MÃO DE OBRA | Y65: =Y63/(X63+Y63) -> 0.038274439
K66: =SUM(K12:K17,K19:K23,K25:K36,K38:K47) -> 453906.91
X67: BDI GERAL: | Y67: 0.2207
X68: BDI CBUQ: | Y68: 0.1769
V71: SERVIÇOS | W71: SUBTOTAIS | X71: % | Y71: PODE SUBCONTRATAR?
V72: Serv. Prelimin. | W72: =SUM(K12:K17)-K17 -> 8491.45 | X72: =(W72/$W$77) -> 0.01870747 | Y72: sim
V73: Respo. Técnico | W73: =K17 -> 2518.56 | X73: =(W73/$W$77) -> 0.0055486267 | Y73: não
V74: Adequação de meio-fios | W74: =SUM(K19:K23) -> 1449.41 | X74: =W74/W77 -> 0.0031931878 | Y74: não
V75: Capeamento/pav. | W75: =SUM(K25:K36) -> 427671.37 | X75: =(W75/$W$77) -> 0.94220062 | Y75: não
V76: Sinalização | W76: =SUM(K38:K47) -> 13776.12 | X76: =(W76/$W$77) -> 0.0303501 | Y76: sim
V77: TOTAIS: | W77: =TRUNC(SUM(W72:W76),2) -> 453906.91 | X77: =TRUNC(SUM(X72:X76),2) -> 1
X80: Não pode subcontratar | Y80: =X73+X75+X74 -> 0.95094243
X81: Pode subcontratar | Y81: =X72+X76 -> 0.04905757

Sheet Cronograma
A1: CRONOGRAMA
A2: Modalidade | B2: =Identificação!C2 -> Concorrência | D2: N° | E2: =Identificação!F2 -> 0 | F2: Ano | G2: =Identificação!H2 -> 2025
A3: Descrição do Objeto | B3: =Identificação!C3 -> Execução de Capeamento Asfáltico e Sinalização Viária da Rua Espírito Santo
A4: Órgão | B4: =Identificação!C4 -> Prefeitura Municipal de Montenegro-RS | E4: CNPJ | F4: =Identificação!H4 -> 90.895.905/0001-60
A5: Tipo de Objeto | B5: =Identificação!C5 -> Obras e Serviços de Engenharia
A6: Preço T. Estimado | B6: =Identificação!C6 -> 453906.91
A8: Item | B8: Descrição dos Serviços | C8: VALOR TOTAL | D8: 1º Mês | E8: % | F8: 2º Mês | G8: %
C9: Mat./M.Obra
A10: 1. SERVIÇOS PRELIMINARES
A11: ='Orçamento-base'!C12 -> 1.1 | B11: ='Orçamento-base'!G12 -> FORNECIMENTO E INSTALAÇÃO DE PLACA DE OBRA COM CHAPA GALVANIZADA E ESTRUTURA DE MADEIRA. AF_03/2022_PS | C11: ='Orçamento-base'!K12 -> 1625.32 | D11: =C11*E11 -> 1625.32 | E11: 1 | F11: =C11*G11 -> 0
A12: ='Orçamento-base'!C13 -> 1.2 | B12: ='Orçamento-base'!G13 -> FORNECIMENTO E INSTALAÇÃO DE SUPORTE DE MADEIRA PARA PLACAS DE SINALIZAÇÃO, EM SOLO, COM H= DE 2,0 M E SEÇÃO DE 7,5 X 7,5 CM. AF_03/2022 | C12: ='Orçamento-base'!K13 -> 248.32 | D12: =C12*E12 -> 248.32 | E12: 1 | F12: =C12*G12 -> 0
A13: ='Orçamento-base'!C14 -> 1.3 | B13: ='Orçamento-base'!G14 -> CONE PLÁSTICO PARA CANALIZAÇÃO DE TRÂNSITO - UTILIZAÇÃO DE 150 CICLOS - FORNECIMENTO, 01 IMPLANTAÇÃO E 01 RETIRADA DIÁRIA | C13: ='Orçamento-base'!K14 -> 606 | D13: =C13*E13 -> 606 | E13: 1 | F13: =C13*G13 -> 0
A14: ='Orçamento-base'!C15 -> 1.4 | B14: ='Orçamento-base'!G15 -> PLACA DE ADVERTÊNCIA PARA SINALIZAÇÃO DE OBRAS MONTADA EM SUPORTE METÁLICO MÓVEL, LADO 1,00 M - UTILIZAÇÃO DE 600 CICLOS - FORNECIMENTO, 01 IMPLANTAÇÃO E 01 RETIRADA DIÁRIA | C14: ='Orçamento-base'!K15 -> 597.6 | D14: =C14*E14 -> 597.6 | E14: 1 | F14: =C14*G14 -> 0
A15: ='Orçamento-base'!C16 -> 1.5 | B15: ='Orçamento-base'!G16 -> MOBILIZAÇÃO E DESMOBILIZAÇÃO DE EQUIPES E EQUIPAMENTOS PARA CAPEAMENTO | C15: ='Orçamento-base'!K16 -> 5414.21 | D15: =C15*E15 -> 2707.105 | E15: 0.5 | F15: =C15*G15 -> 2707.105 | G15: 0.5
A16: ='Orçamento-base'!C17 -> 1.6 | B16: ='Orçamento-base'!G17 -> RESPONSÁVEL TÉCNICO | C16: ='Orçamento-base'!K17 -> 2518.56 | D16: =C16*E16 -> 1259.28 | E16: 0.5 | F16: =C16*G16 -> 1259.28 | G16: 0.5
C17: =SUM(C11:C16) -> 11010.01
A18: 2. MEIO-FIO E ADEQUAÇÕES
A19: ='Orçamento-base'!C19 -> 2.1 | B19: ='Orçamento-base'!G19 -> ASSENTAMENTO DE GUIA (MEIO-FIO) EM TRECHO RETO, CONFECCIONADA EM CONCRETO PRÉ-FABRICADO, DIMENSÕES 100X15X13X30 CM (COMPRIMENTO X BASE INFERIOR X BASE SUPERIOR X ALTURA). AF_01/2024 | C19: ='Orçamento-base'!K19 -> 496.8 | D19: =C19*E19 -> 496.8 | E19: 1 | F19: =C19*G19 -> 0
A20: ='Orçamento-base'!C20 -> 2.2 | B20: ='Orçamento-base'!G20 -> Transporte com caminhão carroceria com capacidade de 11 t e com guindauto de 45 t.m - rodovia pavimentada | C20: ='Orçamento-base'!K20 -> 35.74 | D20: =C20*E20 -> 35.74 | E20: 1 | F20: =C20*G20 -> 0
A21: ='Orçamento-base'!C21 -> 2.3 | B21: ='Orçamento-base'!G21 -> DEMOLIÇÃO DE PISO DE CONCRETO SIMPLES, DE FORMA MECANIZADA COM MARTELETE, SEM REAPROVEITAMENTO. AF_09/2023 | C21: ='Orçamento-base'!K21 -> 728.32 | D21: =C21*E21 -> 728.32 | E21: 1 | F21: =C21*G21 -> 0
A22: ='Orçamento-base'!C22 -> 2.4 | B22: ='Orçamento-base'!G22 -> Carga, manobra e descarga de agregados ou solos em caminhão basculante de 10 m³ - carga com carregadeira de 3,40 m³ e descarga livre | C22: ='Orçamento-base'!K22 -> 40.83 | D22: =C22*E22 -> 40.83 | E22: 1 | F22: =C22*G22 -> 0
A23: ='Orçamento-base'!C23 -> 2.5 | B23: ='Orçamento-base'!G23 -> TRANSPORTE COM CAMINHÃO BASCULANTE DE 6 M³, EM VIA URBANA PAVIMENTADA, DMT ATÉ 30 KM (UNIDADE: M3XKM). AF_07/2020 | C23: ='Orçamento-base'!K23 -> 147.72 | D23: =C23*E23 -> 147.72 | E23: 1 | F23: =C23*G23 -> 0
C24: =SUM(C19:C23) -> 1449.41
A25: 3. CAPEAMENTO ASFÁLTICO
A26: ='Orçamento-base'!C25 -> 3.1 | B26: ='Orçamento-base'!G25 -> CAPINA E LIMPEZA MANUAL DE SUPERFÍCIE BASÁLTICA | C26: ='Orçamento-base'!K25 -> 139.12 | D26: =C26*E26 -> 139.12 | E26: 1 | F26: =C26*G26 -> 0
A27: ='Orçamento-base'!C26 -> 3.2 | B27: ='Orçamento-base'!G26 -> VARRIÇÃO E LIMPEZA DA PISTA COM VASSOURA MECÂNICA ACOPLADA - M² | C27: ='Orçamento-base'!K26 -> 4153.99 | D27: =C27*E27 -> 4153.99 | E27: 1 | F27: =C27*G27 -> 0
A28: ='Orçamento-base'!C27 -> 3.3 | B28: ='Orçamento-base'!G27 -> EXECUÇÃO DE PINTURA DE LIGAÇÃO COM EMULSÃO ASFÁLTICA RR-2C - M² | C28: ='Orçamento-base'!K27 -> 8711.89 | D28: =C28*E28 -> 8711.89 | E28: 1 | F28: =C28*G28 -> 0
A29: ='Orçamento-base'!C28 -> 3.4 | B29: ='Orçamento-base'!G28 -> Transporte de material betuminoso com caminhão tanque distribuidor - rodovia pavimentada | C29: ='Orçamento-base'!K28 -> 154.35 | D29: =C29*E29 -> 154.35 | E29: 1 | F29: =C29*G29 -> 0
A30: ='Orçamento-base'!C29 -> 3.5 | B30: ='Orçamento-base'!G29 -> EXECUÇÃO DE PAVIMENTO COM APLICAÇÃO DE CONCRETO ASFÁLTICO - EXCLUSIVE FORNECIMENTO DE MATERIAL, CARGA E TRANSPORTE (COMPOSIÇÃO 95995) | C30: ='Orçamento-base'!K29 -> 11610.04 | D30: =C30*E30 -> 11610.04 | E30: 1 | F30: =C30*G30 -> 0
A31: ='Orçamento-base'!C30 -> 3.6 | B31: ='Orçamento-base'!G30 -> CONCRETO BETUMINOSO USINADO A QUENTE (CBUQ) PARA PAVIMENTACAO ASFALTICA, PADRAO DNIT, FAIXA C, COM CAP 50/70 - AQUISICAO POSTO USINA | C31: ='Orçamento-base'!K30 -> 177351.97 | D31: =C31*E31 -> 177351.97 | E31: 1 | F31: =C31*G31 -> 0
A32: ='Orçamento-base'!C31 -> 3.7 | B32: ='Orçamento-base'!G31 -> Transporte de mistura betuminosa a quente com caminhão com caçamba térmica de 6 m³ - rodovia pavimentada | C32: ='Orçamento-base'!K31 -> 4432.94 | D32: =C32*E32 -> 4432.94 | E32: 1 | F32: =C32*G32 -> 0
A33: ='Orçamento-base'!C32 -> 3.8 | B33: ='Orçamento-base'!G32 -> EXECUÇÃO DE PINTURA DE LIGAÇÃO COM EMULSÃO ASFÁLTICA RR-2C - M² | C33: ='Orçamento-base'!K32 -> 9524.08 | D33: =C33*E33 -> 9524.08 | E33: 1 | F33: =C33*G33 -> 0
A34: ='Orçamento-base'!C33 -> 3.9 | B34: ='Orçamento-base'!G33 -> Transporte de material betuminoso com caminhão tanque distribuidor - rodovia pavimentada | C34: ='Orçamento-base'!K33 -> 168.74 | D34: =C34*E34 -> 168.74 | E34: 1 | F34: =C34*G34 -> 0
A35: ='Orçamento-base'!C34 -> 3.10 | B35: ='Orçamento-base'!G34 -> EXECUÇÃO DE PAVIMENTO COM APLICAÇÃO DE CONCRETO ASFÁLTICO - EXCLUSIVE FORNECIMENTO DE MATERIAL, CARGA E TRANSPORTE (COMPOSIÇÃO 95995) | C35: ='Orçamento-base'!K34 -> 12692.83 | D35: =C35*E35 -> 12692.83 | E35: 1 | F35: =C35*G35 -> 0
A36: ='Orçamento-base'!C35 -> 3.11 | B36: ='Orçamento-base'!G35 -> CONCRETO BETUMINOSO USINADO A QUENTE (CBUQ) PARA PAVIMENTACAO ASFALTICA, PADRAO DNIT, FAIXA C, COM CAP 50/70 - AQUISICAO POSTO USINA | C36: ='Orçamento-base'!K35 -> 193885.19 | D36: =C36*E36 -> 193885.19 | E36: 1 | F36: =C36*G36 -> 0
A37: ='Orçamento-base'!C36 -> 3.12 | B37: ='Orçamento-base'!G36 -> Transporte de mistura betuminosa a quente com caminhão com caçamba térmica de 6 m³ - rodovia pavimentada | C37: ='Orçamento-base'!K36 -> 4846.23 | D37: =C37*E37 -> 4846.23 | E37: 1 | F37: =C37*G37 -> 0
C38: =SUM(C26:C37) -> 427671.37
A39: 4. SINALIZAÇÃO VIÁRIA
A40: ='Orçamento-base'!C38 -> 4.1 | B40: ='Orçamento-base'!G38 -> Limpeza de superfície asfáltica com soprador de ar | C40: ='Orçamento-base'!K38 -> 394.1 | D40: =C40*E40 -> 0 | F40: =C40*G40 -> 394.1 | G40: 1
A41: ='Orçamento-base'!C39 -> 4.2 | B41: ='Orçamento-base'!G39 -> PINTURA DE EIXO VIÁRIO SOBRE ASFALTO COM TINTA RETRORREFLETIVA A BASE DE RESINA ACRÍLICA COM MICROESFERAS DE VIDRO, APLICAÇÃO MECÂNICA COM DEMARCADORA AUTOPROPELIDA. AF_05/2021 | C41: ='Orçamento-base'!K39 -> 2913.24 | D41: =C41*E41 -> 0 | F41: =C41*G41 -> 2913.24 | G41: 1
A42: ='Orçamento-base'!C40 -> 4.3 | B42: ='Orçamento-base'!G40 -> PINTURA DE FAIXA DE PEDESTRE, RETENÇÃO, TEXTOS E SÍMBOLOS COM TINTA RETRORREFLETIVA A BASE DE RESINA ACRÍLICA COM MICROESFERAS DE VIDRO, E = 30 CM, APLICAÇÃO MANUAL. AF_05/2021 | C42: ='Orçamento-base'!K40 -> 2616.39 | D42: =C42*E42 -> 0 | F42: =C42*G42 -> 2616.39 | G42: 1
A43: ='Orçamento-base'!C41 -> 4.4 | B43: ='Orçamento-base'!G41 -> PINTURA DE MEIO-FIO COM TINTA BRANCA A BASE DE CAL (CAIAÇÃO). AF_05/2021 | C43: ='Orçamento-base'!K41 -> 1444.86 | D43: =C43*E43 -> 0 | F43: =C43*G43 -> 1444.86 | G43: 1
A44: ='Orçamento-base'!C42 -> 4.5 | B44: ='Orçamento-base'!G42 -> PINTURA DE MEIO-FIO COM TINTA AMARELA A BASE DE CAL (CAIAÇÃO). AF_05/2021 | C44: ='Orçamento-base'!K42 -> 132.48 | D44: =C44*E44 -> 0 | F44: =C44*G44 -> 132.48 | G44: 1
A45: ='Orçamento-base'!C43 -> 4.6 | B45: ='Orçamento-base'!G43 -> Placa de regulamentação em aço "PARE", R1 lado 0,248 m - película retrorrefletiva tipo I + SI - fornecimento e implantação | C45: ='Orçamento-base'!K43 -> 343.08 | D45: =C45*E45 -> 0 | F45: =C45*G45 -> 343.08 | G45: 1
A46: ='Orçamento-base'!C44 -> 4.7 | B46: ='Orçamento-base'!G44 -> PLACA DE ADVERTÊNCIA EM AÇO, LADO DE 0,50m "PASSAGEM SINALIZADA DE PEDESTRES" A-32b | C46: ='Orçamento-base'!K44 -> 784.47 | D46: =C46*E46 -> 0 | F46: =C46*G46 -> 784.47 | G46: 1
A47: ='Orçamento-base'!C45 -> 4.8 | B47: ='Orçamento-base'!G45 -> PLACA DE REGULAMENTAÇÃO EM AÇO COM DIÂMETRO DE 50cm, "VELOCIDADE MÁXIMA PERMITIDA" R-19 | C47: ='Orçamento-base'!K45 -> 408.28 | D47: =C47*E47 -> 0 | F47: =C47*G47 -> 408.28 | G47: 1
A48: ='Orçamento-base'!C46 -> 4.9 | B48: ='Orçamento-base'!G46 -> Suporte metálico galvanizado para placa de advertência ou regulamentação - lado ou diâmetro de 0,60 m - fornecimento e implantação | C48: ='Orçamento-base'!K46 -> 3606.72 | D48: =C48*E48 -> 0 | F48: =C48*G48 -> 3606.72 | G48: 1
A49: ='Orçamento-base'!C47 -> 4.10 | B49: ='Orçamento-base'!G47 -> FORNECIMENTO E INSTALAÇÃO DE PLACA DE SINALIZAÇÃO DE IDENTIFICAÇÃO DE RUAS E SUPORTE METÁLICO, COM H= DE 2,5 M E DIÂMETRO DE 2'' | C49: ='Orçamento-base'!K47 -> 1132.5 | D49: =C49*E49 -> 0 | F49: =C49*G49 -> 1132.5 | G49: 1
C50: =SUM(C40:C49) -> 13776.12
A51: TOTAL DAS MEDIÇÕES | C51: =C17+C24+C38+C50 -> 453906.91 | D51: =SUM(D11:D50) -> 436164.4 | E51: =D51/C51 -> 0.96091158 | F51: =SUM(F11:F50) -> 17742.505 | G51: =F51/C51 -> 0.039088422
A52: MEDIÇÕES ACUMULADAS | D52: =D51 -> 436164.4 | E52: =D52/C51 -> 0.96091158 | F52: =D52+F51 -> 453906.91 | G52: =F52/C51 -> 1

Sheet Memória de Cálculo
A1: MEMÓRIA DE CÁLCULO
A2: Modalidade | C2: =Identificação!C2 -> Concorrência | E2: N° | F2: =Identificação!F2 -> 0 | G2: Ano | H2: =Identificação!H2 -> 2025
A3: Descrição do Objeto | C3: =Identificação!C3 -> Execução de Capeamento Asfáltico e Sinalização Viária da Rua Espírito Santo
A4: Órgão | C4: =Identificação!C4 -> Prefeitura Municipal de Montenegro-RS | G4: CNPJ | H4: =Identificação!H4 -> 90.895.905/0001-60
A5: Tipo de Objeto | C5: =Identificação!C5 -> Obras e Serviços de Engenharia
A6: Preço T. Estimado | C6: =Identificação!C6 -> 453906.91
A8: Item | B8: Banco | C8: Descrição | D8: Und | E8: Quant.
A9: 1 | C9: SERVIÇOS PRELIMINARES | E9: 1
A10: 1.1 | B10: SINAPI | C10: FORNECIMENTO E INSTALAÇÃO DE PLACA DE OBRA COM CHAPA GALVANIZADA E ESTRUTURA DE MADEIRA. AF_03/2022_PS | D10: m² | E10: 2.88
A11: Local | C11: Descrição | D11: Fórmula
C12: altura da placa x largura | D12: 2,40*1,20
A13: 1.2 | B13: SINAPI | C13: FORNECIMENTO E INSTALAÇÃO DE SUPORTE DE MADEIRA PARA PLACAS DE SINALIZAÇÃO, EM SOLO, COM H= DE 2,0 M E SEÇÃO DE 7,5 X 7,5 CM. AF_03/2022 | D13: UN | E13: 2
A14: Local | C14: Descrição | D14: Fórmula
C15: unidades necessarias | D15: 2
A16: 1.3 | B16: SICRO3 | C16: Cone plástico para canalização de trânsito - utilização de 150 ciclos - fornecimento, 01 implantação e 01 retirada diária | D16: un.dia | E16: 600
A17: Local | C17: Descrição | D17: Fórmula
C18: qtde cones x número de dias utilizando | D18: 10*60
A19: 1.4 | B19: SICRO3 | C19: Placa de advertência para sinalização de obras montada em suporte metálico móvel, lado 1,00 m - utilização de 600 ciclos - fornecimento, 01 implantação e 01 retirada diária | D19: un.dia | E19: 120
A20: Local | C20: Descrição | D20: Fórmula
C21: qtde placas x número de dias utilizando | D21: 2*60
A22: 1.5 | B22: Próprio | C22: MOBILIZAÇÃO E DESMOBILIZAÇÃO DE EQUIPES E EQUIPAMENTOS PARA CAPEAMENTO | D22: UN | E22: 1
A23: Local | C23: Descrição | D23: Fórmula
C24: conforme composição | D24: 1
A25: 1.6 | B25: SINAPI | C25: ENGENHEIRO CIVIL DE OBRA JUNIOR COM ENCARGOS COMPLEMENTARES | D25: H | E25: 16
A26: Local | C26: Descrição | D26: Fórmula
C27: horas por mês x numero de meses. Obs: poderá ser distribuído de acordo com o andamento da obra e necessidade do fiscal. | D27: 8*2
A28: 2 | C28: MEIO-FIOS E ADEQUAÇÕES | E28: 1
A29: 2.1 | B29: SINAPI | C29: ASSENTAMENTO DE GUIA (MEIO-FIO) EM TRECHO RETO, CONFECCIONADA EM CONCRETO PRÉ-FABRICADO, DIMENSÕES 100X15X13X30 CM (COMPRIMENTO X BASE INFERIOR X BASE SUPERIOR X ALTURA). AF_01/2024 | D29: M | E29: 8
A30: Local | C30: Descrição | D30: Fórmula
C31: conforme projeto | D31: 8
A32: 2.2 | B32: SICRO3 | C32: Transporte com caminhão carroceria com capacidade de 11 t e com guindauto de 45 t.m - rodovia pavimentada | D32: tkm | E32: 21.9328
A33: Local | C33: Descrição | D33: Fórmula
C34: (TON. MEIO FIO=0,08ton) x qtde meio fios x DMT | D34: 0,08*8*34,27
A35: 2.3 | B35: SINAPI | C35: DEMOLIÇÃO DE PISO DE CONCRETO SIMPLES, DE FORMA MECANIZADA COM MARTELETE, SEM REAPROVEITAMENTO. AF_09/2023 | D35: m³ | E35: 4.5
A36: Local | C36: Descrição | D36: Fórmula
C37: largura x comprimento x altura estimada | D37: 3,00*15*0,10
A38: 2.4 | B38: SICRO3 | C38: Carga, manobra e descarga de agregados ou solos em caminhão basculante de 10 m³ - carga com carregadeira de 3,40 m³ e descarga livre | D38: t | E38: 11.25
A39: Local | C39: Descrição | D39: Fórmula
C40: DENSIDADE DO MATERIAL REMOVIDO(2.500/1.000) * M³ (PAVIMENTO REMOVIDO) | D40: (2500/1000)*(4,50)
A41: 2.5 | B41: SINAPI | C41: TRANSPORTE COM CAMINHÃO BASCULANTE DE 6 M³, EM VIA URBANA PAVIMENTADA, DMT ATÉ 30 KM (UNIDADE: M3XKM). AF_07/2020 | D41: M3XKM | E41: 38.475
A42: Local | C42: Descrição | D42: Fórmula
C43: PAVIMENTO REMOVIDO (M³) * FATOR DE EMPOLAMENTO * DMT BOTA FORA | D43: 4,50*1,50*5,70
A44: 3 | C44: CAPEAMENTO ASFÁLTICO | E44: 1
A45: 3.1 | B45: Próprio | C45: CAPINA E LIMPEZA MANUAL DE SUPERFÍCIE BASÁLTICA | D45: m² | E45: 52.5
A46: Local | C46: Descrição | D46: Fórmula
C47: conforme projeto | D47: 52,50
A48: 3.2 | B48: Próprio | C48: VARRIÇÃO E LIMPEZA DA PISTA COM VASSOURA MECÂNICA ACOPLADA - M² | D48: m² | E48: 2806.75
A49: Local | C49: Descrição | D49: Fórmula
C50: conforme soma das areas no projeto | D50: 2806,75
A51: 3.3 | B51: Próprio | C51: EXECUÇÃO DE PINTURA DE LIGAÇÃO COM EMULSÃO ASFÁLTICA RR-2C - M² | D51: m² | E51: 2419.97
A52: Local | C52: Descrição | D52: Fórmula
C53: conforme área em projeto | D53: 2419,97
A54: 3.4 | B54: SICRO3 | C54: Transporte de material betuminoso com caminhão tanque distribuidor - rodovia pavimentada | D54: tkm | E54: 57.389589
A55: Local | C55: Descrição | D55: Fórmula
C56: densidade RR-2C ton x m² de emulsão x DMT | D56: 0,00045*2419,97*52,70
A57: 3.5 | B57: Próprio | C57: EXECUÇÃO DE PAVIMENTO COM APLICAÇÃO DE CONCRETO ASFÁLTICO - EXCLUSIVE FORNECIMENTO DE MATERIAL, CARGA E TRANSPORTE (COMPOSIÇÃO 95995) | D57: m³ | E57: 72.5991
A58: Local | C58: Descrição | D58: Fórmula
C59: m² de CBUQ x espessura da camada de reperfilagem | D59: 2419,97*0,03
A60: 3.6 | B60: SINAPI | C60: CONCRETO BETUMINOSO USINADO A QUENTE (CBUQ) PARA PAVIMENTACAO ASFALTICA, PADRAO DNIT, FAIXA C, COM CAP 50/70 - AQUISICAO POSTO USINA | D60: T | E60: 185.47593
A61: Local | C61: Descrição | D61: Fórmula
C62: m³ de CBUQ x densidade do CBUQ | D62: 72,599*2,5548
A63: 3.7 | B63: SICRO3 | C63: Transporte de mistura betuminosa a quente com caminhão com caçamba térmica de 6 m³ - rodovia pavimentada | D63: tkm | E63: 4104.5817
A64: Local | C64: Descrição | D64: Fórmula
C65: toneladas de CBUQ x DMT | D65: 185,4759*22,13
A66: 3.8 | B66: Próprio | C66: EXECUÇÃO DE PINTURA DE LIGAÇÃO COM EMULSÃO ASFÁLTICA RR-2C - M² | D66: m² | E66: 2645.58
A67: Local | C67: Descrição | D67: Fórmula
C68: conforme área em projeto | D68: 2645,58
A69: 3.9 | B69: SICRO3 | C69: Transporte de material betuminoso com caminhão tanque distribuidor - rodovia pavimentada | D69: tkm | E69: 62.73993
A70: Local | C70: Descrição | D70: Fórmula
C71: densidade RR-2C ton x m² de emulsão x DMT | D71: 0,00045*2645,58*52,70
A72: 3.10 | B72: Próprio | C72: EXECUÇÃO DE PAVIMENTO COM APLICAÇÃO DE CONCRETO ASFÁLTICO - EXCLUSIVE FORNECIMENTO DE MATERIAL, CARGA E TRANSPORTE (COMPOSIÇÃO 95995) | D72: m³ | E72: 79.3674
A73: Local | C73: Descrição | D73: Fórmula
C74: m² de CBUQ x espessura da camada de rolamento | D74: 2645,58*0,03
A75: 3.11 | B75: SINAPI | C75: CONCRETO BETUMINOSO USINADO A QUENTE (CBUQ) PARA PAVIMENTACAO ASFALTICA, PADRAO DNIT, FAIXA C, COM CAP 50/70 - AQUISICAO POSTO USINA | D75: T | E75: 202.76783
A76: Local | C76: Descrição | D76: Fórmula
C77: m³ de CBUQ x densidade do CBUQ | D77: 79,3674*2,5548
A78: 3.12 | B78: SICRO3 | C78: Transporte de mistura betuminosa a quente com caminhão com caçamba térmica de 6 m³ - rodovia pavimentada | D78: tkm | E78: 4487.2514
A79: Local | C79: Descrição | D79: Fórmula
C80: toneladas de CBUQ x DMT | D80: 202,7678*22,13
A81: 4 | C81: SINALIZAÇÃO VIÁRIA | E81: 1
A82: 4.1 | B82: Próprio | C82: Limpeza de superfície asfáltica com soprador de ar | D82: m² | E82: 296.32
A83: Local | C83: Descrição | D83: Fórmula
C84: conforme soma das áreas | D84: 296,32
A85: 4.2 | B85: SINAPI | C85: PINTURA DE EIXO VIÁRIO SOBRE ASFALTO COM TINTA RETRORREFLETIVA A BASE DE RESINA ACRÍLICA COM MICROESFERAS DE VIDRO, APLICAÇÃO MECÂNICA COM DEMARCADORA AUTOPROPELIDA. AF_05/2021 | D85: M | E85: 340.73
A86: Local | C86: Descrição | D86: Fórmula
C87: conforme projeto | D87: 340,73
A88: 4.3 | B88: SINAPI | C88: PINTURA DE FAIXA DE PEDESTRE, RETENÇÃO, TEXTOS E SÍMBOLOS COM TINTA RETRORREFLETIVA A BASE DE RESINA ACRÍLICA COM MICROESFERAS DE VIDRO, E = 30 CM, APLICAÇÃO MANUAL. AF_05/2021 | D88: m² | E88: 71.8
A89: Local | C89: Descrição | D89: Fórmula
C90: conforme projeto | D90: 71,80
A91: 4.4 | B91: SINAPI | C91: PINTURA DE MEIO-FIO COM TINTA BRANCA A BASE DE CAL (CAIAÇÃO). AF_05/2021 | D91: M | E91: 698
A92: Local | C92: Descrição | D92: Fórmula
C93: conforme projeto | D93: 698,00
A94: 4.5 | B94: SINAPI | C94: PINTURA DE MEIO-FIO COM TINTA AMARELA A BASE DE CAL (CAIAÇÃO). AF_05/2021 | D94: M | E94: 64
A95: Local | C95: Descrição | D95: Fórmula
C96: conforme projeto | D96: 64,00
A97: 4.6 | B97: SICRO3 | C97: Placa de regulamentação em aço "PARE", R1 lado 0,248 m - película retrorrefletiva tipo I + SI - fornecimento e implantação | D97: un | E97: 1
A98: Local | C98: Descrição | D98: Fórmula
C99: conforme projeto | D99: 1
A100: 4.7 | B100: Próprio | C100: PLACA DE ADVERTÊNCIA EM AÇO, LADO DE 0,50m "PASSAGEM SINALIZADA DE PEDESTRES" A-32b | D100: UN | E100: 3
A101: Local | C101: Descrição | D101: Fórmula
...

Sheet Composições
A1: COMPOSIÇÕES PRINCIPAIS
A2: Modalidade | C2: =Identificação!C2 -> Concorrência | G2: N° | H2: =Identificação!F2 -> 0 | I2: Ano | J2: =Identificação!H2 -> 2025
A3: Descrição do Objeto | C3: =Identificação!C3 -> Execução de Capeamento Asfáltico e Sinalização Viária da Rua Espírito Santo
A4: Órgão | C4: =Identificação!C4 -> Prefeitura Municipal de Montenegro-RS | I4: CNPJ | J4: =Identificação!H4 -> 90.895.905/0001-60
A5: Tipo de Objeto | C5: =Identificação!C5 -> Obras e Serviços de Engenharia
A6: Preço T. Estimado | C6: =Identificação!C6 -> 453906.91
C8: Composições Analíticas com Preço Unitário | E8: Bancos | G8: B.D.I. | I8: Encargos Sociais
C9: Recapeamento Asfáltico das Ruas do Lote 05 | E9: SINAPI - 07/2025 - Rio Grande do Sul SICRO3 - 04/2025 - Rio Grande do Sul | G9: 0,0% | I9: Não Desonerado: Horista: 0,00% Mensalista: 112,88%
A10: Composições Analíticas com Preço Unitário
A11: Composições Principais
A12: 1.5 | B12: Código | C12: Banco | D12: Descrição | E12: Tipo | G12: Und | H12: Quant. | I12: Valor Unit | J12: Total
A13: Composição | B13: A-A | C13: Próprio | D13: MOBILIZAÇÃO E DESMOBILIZAÇÃO DE EQUIPES E EQUIPAMENTOS PARA CAPEAMENTO | E13: SERP - SERVIÇOS PRELIMINARES | G13: UN | H13: 1 | I13: 4435.34 | J13: 4435.34
A14: A | B14: Código | C14: Banco | D14: Equipamentos | E14: Quantidade | F14: Utilização | H14: Custo Horário | J14: Custo Horário Total
F15: Operativa | G15: Improdutiva | H15: Operativa | I15: Improdutiva
A16: Insumo | B16: E9506 | C16: SICRO3 | D16: Caminhão basculante com capacidade de 6 m³ - 136 kW | E16: 1 | F16: 2 | G16: 0 | H16: 197.37 | I16: 76.85 | J16: 394.75
A17: Insumo | B17: E9665 | C17: SICRO3 | D17: Cavalo mecânico com semirreboque com capacidade de 20 t - 276 kW | E17: 4 | F17: 2 | G17: 0 | H17: 422.43 | I17: 125.69 | J17: 3379.45
A18: Insumo | B18: E9509 | C18: SICRO3 | D18: Caminhão tanque distribuidor de asfalto com capacidade de 6.000 l - 7 kW/136 kW | E18: 1 | F18: 2 | G18: 0 | H18: 330.57 | I18: 107.47 | J18: 661.14
F19: Custo horário total de equipamentos | J19: 4435.337
F20: Custo horário total de execução | J20: 4435.337
F21: Produção de equipe | J21: 1
F22: Custo unitário de execução | J22: 4435.337
F23: Custo do FIC | J23: 0
F24: Custo do FIT | J24: 0
E25: MO sem LS => | F25: 0 | G25: LS => | H25: 0 | I25: MO com LS => | J25: 0
E26: Valor do BDI => | F26: 0 | H26: Valor com BDI => | J26: 4435.34
A28: 3.1 | B28: Código | C28: Banco | D28: Descrição | E28: Tipo | G28: Und | H28: Quant. | I28: Valor Unit | J28: Total
A29: Composição | B29: C-1 | C29: Próprio | D29: CAPINA E LIMPEZA MANUAL DE SUPERFÍCIE BASÁLTICA | E29: PAVI - PAVIMENTAÇÃO | G29: m² | H29: 1 | I29: 2.18 | J29: 2.18
A30: Composição Auxiliar | B30: 88316 | C30: SINAPI | D30: SERVENTE COM ENCARGOS COMPLEMENTARES | E30: Livro SINAPI: Cálculos e Parâmetros | G30: H | H30: 0.09 | I30: 24.31 | J30: 2.18
E31: MO sem LS => | F31: 1.65 | G31: LS => | H31: 0 | I31: MO com LS => | J31: 1.65
E32: Valor do BDI => | F32: 0 | H32: Valor com BDI => | J32: 2.18
A34: 3.2 | B34: Código | C34: Banco | D34: Descrição | E34: Tipo | G34: Und | H34: Quant. | I34: Valor Unit | J34: Total
A35: Composição | B35: C | C35: Próprio | D35: VARRIÇÃO E LIMPEZA DA PISTA COM VASSOURA MECÂNICA ACOPLADA - M² | E35: ASTU - ASSENTAMENTO DE TUBOS E PECAS | G35: m² | H35: 1 | I35: 1.22 | J35: 1.22
A36: Composição Auxiliar | B36: 88316 | C36: SINAPI | D36: SERVENTE COM ENCARGOS COMPLEMENTARES | E36: Livro SINAPI: Cálculos e Parâmetros | G36: H | H36: 0.0015 | I36: 24.31 | J36: 0.03
A37: Composição Auxiliar | B37: 67827 | C37: SINAPI | D37: CAMINHÃO BASCULANTE 6 M3 TOCO, PESO BRUTO TOTAL 16.000 KG, CARGA ÚTIL MÁXIMA 11.130 KG, DISTÂNCIA ENTRE EIXOS 5,36 M, POTÊNCIA 185 CV, INCLUSIVE CAÇAMBA METÁLICA - CHI DIURNO. AF_06/2014 | E37: Custos Horários Produtivo e Improdutivo dos Equipamentos | G37: CHI | H37: 0.0045 | I37: 68.61 | J37: 0.3
A38: Composição Auxiliar | B38: 96156 | C38: SINAPI | D38: MINICARREGADEIRA SOBRE RODAS POTENCIA 47HP CAPACIDADE OPERACAO 646 KG, COM VASSOURA MECÂNICA ACOPLADA - CHI DIURNO. AF_03/2017 | E38: Custos Horários Produtivo e Improdutivo dos Equipamentos | G38: CHI | H38: 0.0045 | I38: 81.47 | J38: 0.36
A39: Composição Auxiliar | B39: 67826 | C39: SINAPI | D39: CAMINHÃO BASCULANTE 6 M3 TOCO, PESO BRUTO TOTAL 16.000 KG, CARGA ÚTIL MÁXIMA 11.130 KG, DISTÂNCIA ENTRE EIXOS 5,36 M, POTÊNCIA 185 CV, INCLUSIVE CAÇAMBA METÁLICA - CHP DIURNO. AF_06/2014 | E39: Custos Horários Produtivo e Improdutivo dos Equipamentos | G39: CHP | H39: 0.0015 | I39: 197.7 | J39: 0.29
A40: Composição Auxiliar | B40: 96158 | C40: SINAPI | D40: MINICARREGADEIRA SOBRE RODAS POTENCIA 47HP CAPACIDADE OPERACAO 646 KG, COM VASSOURA MECÂNICA ACOPLADA - CHP DIURNO. AF_03/2017 | E40: Custos Horários Produtivo e Improdutivo dos Equipamentos | G40: CHP | H40: 0.0015 | I40: 160.65 | J40: 0.24
E41: MO sem LS => | F41: 0.37 | G41: LS => | H41: 0 | I41: MO com LS => | J41: 0.37
E42: Valor do BDI => | F42: 0 | H42: Valor com BDI => | J42: 1.22
A44: 3.3 | B44: Código | C44: Banco | D44: Descrição | E44: Tipo | G44: Und | H44: Quant. | I44: Valor Unit | J44: Total
A45: Composição | B45: D-2025/2 | C45: Próprio | D45: EXECUÇÃO DE PINTURA DE LIGAÇÃO COM EMULSÃO ASFÁLTICA RR-2C - M² | E45: ASTU - ASSENTAMENTO DE TUBOS E PECAS | G45: m² | H45: 1 | I45: 2.96 | J45: 2.96
A46: Composição Auxiliar | B46: 91486 | C46: SINAPI | D46: ESPARGIDOR DE ASFALTO PRESSURIZADO, TANQUE 6 M3 COM ISOLAÇÃO TÉRMICA, AQUECIDO COM 2 MAÇARICOS, COM BARRA ESPARGIDORA 3,60 M, MONTADO SOBRE CAMINHÃO TOCO, PBT 14.300 KG, POTÊNCIA 185 CV - CHI DIURNO. AF_05/2023 | E46: Custos Horários Produtivo e Improdutivo dos Equipamentos | G46: CHI | H46: 0.005 | I46: 72.99 | J46: 0.36
A47: Composição Auxiliar | B47: 88316 | C47: SINAPI | D47: SERVENTE COM ENCARGOS COMPLEMENTARES | E47: Livro SINAPI: Cálculos e Parâmetros | G47: H | H47: 0.006 | I47: 24.31 | J47: 0.14
A48: Composição Auxiliar | B48: 83362 | C48: SINAPI | D48: ESPARGIDOR DE ASFALTO PRESSURIZADO, TANQUE 6 M3 COM ISOLAÇÃO TÉRMICA, AQUECIDO COM 2 MAÇARICOS, COM BARRA ESPARGIDORA 3,60 M, MONTADO SOBRE CAMINHÃO TOCO, PBT 14.300 KG, POTÊNCIA 185 CV - CHP DIURNO. AF_05/2023 | E48: Custos Horários Produtivo e Improdutivo dos Equipamentos | G48: CHP | H48: 0.0001 | I48: 278.42 | J48: 0.02
A49: Insumo | B49: ANP- CM-30 PARA SERVIÇO DE IMPRIMAÇÃO | C49: Próprio | D49: CM-30 PARA SERVIÇO DE IMPRIMAÇÃO 01/2025 | E49: Material | G49: KG | H49: 0.45 | I49: 5.43 | J49: 2.44
E50: MO sem LS => | F50: 0.22 | G50: LS => | H50: 0 | I50: MO com LS => | J50: 0.22
E51: Valor do BDI => | F51: 0 | H51: Valor com BDI => | J51: 2.96
A53: 3.5 | B53: Código | C53: Banco | D53: Descrição | E53: Tipo | G53: Und | H53: Quant. | I53: Valor Unit | J53: Total
A54: Composição | B54: B | C54: Próprio | D54: EXECUÇÃO DE PAVIMENTO COM APLICAÇÃO DE CONCRETO ASFÁLTICO - EXCLUSIVE FORNECIMENTO DE MATERIAL, CARGA E TRANSPORTE (COMPOSIÇÃO 95995) | E54: ASTU - ASSENTAMENTO DE TUBOS E PECAS | G54: m³ | H54: 1 | I54: 131.03 | J54: 131.03
A55: Composição Auxiliar | B55: 96463 | C55: SINAPI | D55: ROLO COMPACTADOR DE PNEUS, ESTÁTICO, PRESSÃO VARIÁVEL, POTÊNCIA 110 HP, PESO SEM/COM LASTRO 10,8/27 T, LARGURA DE ROLAGEM 2,30 M - CHP DIURNO. AF_06/2017 | E55: Custos Horários Produtivo e Improdutivo dos Equipamentos | G55: CHP | H55: 0.0419 | I55: 235.4 | J55: 9.86
A56: Composição Auxiliar | B56: 5835 | C56: SINAPI | D56: VIBROACABADORA DE ASFALTO SOBRE ESTEIRAS, LARGURA DE PAVIMENTAÇÃO 1,90 M A 5,30 M, POTÊNCIA 105 HP CAPACIDADE 450 T/H - CHP DIURNO. AF_11/2014 | E56: Custos Horários Produtivo e Improdutivo dos Equipamentos | G56: CHP | H56: 0.0464 | I56: 367.42 | J56: 17.04
A57: Composição Auxiliar | B57: 88314 | C57: SINAPI | D57: RASTELEIRO COM ENCARGOS COMPLEMENTARES | E57: Livro SINAPI: Cálculos e Parâmetros | G57: H | H57: 1.1301 | I57: 24.47 | J57: 27.65
A58: Composição Auxiliar | B58: 96464 | C58: SINAPI | D58: ROLO COMPACTADOR DE PNEUS, ESTÁTICO, PRESSÃO VARIÁVEL, POTÊNCIA 110 HP, PESO SEM/COM LASTRO 10,8/27 T, LARGURA DE ROLAGEM 2,30 M - CHI DIURNO. AF_06/2017 | E58: Custos Horários Produtivo e Improdutivo dos Equipamentos | G58: CHI | H58: 0.099 | I58: 104.19 | J58: 10.31
A59: Composição Auxiliar | B59: 91386 | C59: SINAPI | D59: CAMINHÃO BASCULANTE 10 M3, TRUCADO CABINE SIMPLES, PESO BRUTO TOTAL 23.000 KG, CARGA ÚTIL MÁXIMA 15.935 KG, DISTÂNCIA ENTRE EIXOS 4,80 M, POTÊNCIA 230 CV INCLUSIVE CAÇAMBA METÁLICA - CHP DIURNO. AF_06/2014 | E59: Custos Horários Produtivo e Improdutivo dos Equipamentos | G59: CHP | H59: 0.0464 | I59: 282.15 | J59: 13.09
A60: Composição Auxiliar | B60: 95631 | C60: SINAPI | D60: ROLO COMPACTADOR VIBRATORIO TANDEM, ACO LISO, POTENCIA 125 HP, PESO SEM/COM LASTRO 10,20/11,65 T, LARGURA DE TRABALHO 1,73 M - CHP DIURNO. AF_11/2016 | E60: Custos Horários Produtivo e Improdutivo dos Equipamentos | G60: CHP | H60: 0.0805 | I60: 247.98 | J60: 19.96
A61: Composição Auxiliar | B61: 5837 | C61: SINAPI | D61: VIBROACABADORA DE ASFALTO SOBRE ESTEIRAS, LARGURA DE PAVIMENTAÇÃO 1,90 M A 5,30 M, POTÊNCIA 105 HP CAPACIDADE 450 T/H - CHI DIURNO. AF_11/2014 | E61: Custos Horários Produtivo e Improdutivo dos Equipamentos | G61: CHI | H61: 0.0949 | I61: 150.53 | J61: 14.28
A62: Composição Auxiliar | B62: 95632 | C62: SINAPI | D62: ROLO COMPACTADOR VIBRATORIO TANDEM, ACO LISO, POTENCIA 125 HP, PESO SEM/COM LASTRO 10,20/11,65 T, LARGURA DE TRABALHO 1,73 M - CHI DIURNO. AF_11/2016 | E62: Custos Horários Produtivo e Improdutivo dos Equipamentos | G62: CHI | H62: 0.0607 | I62: 97.56 | J62: 5.92
A63: Composição Auxiliar | B63: 96157 | C63: SINAPI | D63: TRATOR DE PNEUS COM POTÊNCIA DE 85 CV, TRAÇÃO 4X4, COM VASSOURA MECÂNICA ACOPLADA - CHP DIURNO. AF_03/2017 | E63: Custos Horários Produtivo e Improdutivo dos Equipamentos | G63: CHP | H63: 0.0341 | I63: 160.76 | J63: 5.48
A64: Composição Auxiliar | B64: 96155 | C64: SINAPI | D64: TRATOR DE PNEUS COM POTÊNCIA DE 85 CV, TRAÇÃO 4X4, COM VASSOURA MECÂNICA ACOPLADA - CHI DIURNO. AF_02/2017 | E64: Custos Horários Produtivo e Improdutivo dos Equipamentos | G64: CHI | H64: 0.1071 | I64: 69.56 | J64: 7.44
E65: MO sem LS => | F65: 43.08 | G65: LS => | H65: 0 | I65: MO com LS => | J65: 43.08
E66: Valor do BDI => | F66: 0 | H66: Valor com BDI => | J66: 131.03
A68: 4.1 | B68: Código | C68: Banco | D68: Descrição | E68: Tipo | G68: Und | H68: Quant. | I68: Valor Unit | J68: Total
A69: Composição | B69: LIMP-01 | C69: Próprio | D69: Limpeza de superfície asfáltica com soprador de ar | E69: PAVI - PAVIMENTAÇÃO | G69: m² | H69: 1 | I69: 1.1 | J69: 1.1
A70: A | B70: Código | C70: Banco | D70: Equipamentos | E70: Quantidade | F70: Utilização | H70: Custo Horário | J70: Custo Horário Total
F71: Operativa | G71: Improdutiva | H71: Operativa | I71: Improdutiva
A72: Insumo | B72: E9156 | C72: SICRO3 | D72: Soprador de ar costal - 2,6 kW | E72: 0.008 | F72: 1 | G72: 0 | H72: 5.75 | I72: 0.43 | J72: 0.05
F73: Custo horário total de equipamentos | J73: 0.046
A74: B | B74: Código | C74: Banco | D74: Mão de Obra | E74: Quantidade | F74: Custo Horário | J74: Custo Horário Total
A75: Insumo | B75: P9802 | C75: SICRO3 | D75: Ajudante especializado | E75: 0.03 | I75: 28,90 | J75: 0,87
A76: Insumo | B76: P9824 | C76: SICRO3 | D76: Servente | E76: 0.008 | I76: 23,55 | J76: 0,19
F77: Adicional de Mão de obra (%) | J77: 0
F78: Custo horário total de mão de obra | J78: 1.0554
F79: Custo horário total de execução | J79: 1.1014
F80: Produção de equipe | J80: 1
F81: Custo unitário de execução | J81: 1.1014
F82: Custo do FIC | J82: 0
F83: Custo do FIT | J83: 0
E84: MO sem LS => | F84: 0 | G84: LS => | H84: 1.06 | I84: MO com LS => | J84: 1.0554
E85: Valor do BDI => | F85: 0 | H85: Valor com BDI => | J85: 1.1
A87: 4.7 | B87: Código | C87: Banco | D87: Descrição | E87: Tipo | G87: Und | H87: Quant. | I87: Valor Unit | J87: Total
A88: Composição | B88: L-1 | C88: Próprio | D88: PLACA DE ADVERTÊNCIA EM AÇO, LADO DE 0,50m | E88: ASTU - ASSENTAMENTO DE TUBOS E PECAS | G88: UN | H88: 1 | I88: 214.22 | J88: 214.22
A89: A | B89: Código | C89: Banco | D89: Equipamentos | E89: Quantidade | F89: Utilização | H89: Custo Horário | J89: Custo Horário Total
F90: Operativa | G90: Improdutiva | H90: Operativa | I90: Improdutiva
A91: Insumo | B91: E9687 | C91: SICRO3 | D91: Caminhão carroceria com capacidade de 5 t - 120 kW | E91: 1 | F91: 0.1 | G91: 0.23 | H91: 171.29 | I91: 67.31 | J91: 32.61
F92: Custo horário total de equipamentos | J92: 32.6088
F93: Custo horário total de execução | J93: 32.6088
F94: Produção de equipe | J94: 1
F95: Custo unitário de execução | J95: 32.6088
F96: Custo do FIC | J96: 0
F97: Custo do FIT | J97: 0
A98: D | B98: Código | C98: Banco | D98: ATIVIDADES AUXILIARES | E98: Quantidade | F98: Unidade | G98: Preço Unitário | J98: Custo Horário
A99: Composição | B99: 88278 | C99: SINAPI | D99: MONTADOR DE ESTRUTURAS METÁLICAS COM ENCARGOS COMPLEMENTARES | E99: 0.3333 | F99: H | G99: 34,63 | J99: 11,54
A100: Composição | B100: 88316 | C100: SINAPI | D100: SERVENTE COM ENCARGOS COMPLEMENTARES | E100: 0.66667 | F100: H | G100: 24,31 | J100: 16,21
A101: Composição | B101: 5213414 | C101: SICRO3 | D101: Placa em aço nº 16 galvanizado com película retrorrefletiva tipo I + SI - confecção | E101: 0.25 | F101: m² | G101: 615,44 | J101: 153,86
F102: Custo total de atividades auxiliares | J102: 181.6089
E103: MO sem LS => | F103: 22.14 | G103: LS => | H103: 11.23 | I103: MO com LS => | J103: 33.373079
E104: Valor do BDI => | F104: 0 | H104: Valor com BDI => | J104: 214.22
A106: 4.8 | B106: Código | C106: Banco | D106: Descrição | E106: Tipo | G106: Und | H106: Quant. | I106: Valor Unit | J106: Total
A107: Composição | B107: K-4 | C107: Próprio | D107: PLACA DE REGULAMENTAÇÃO EM AÇO COM DIÂMETRO DE 50cm | E107: ASTU - ASSENTAMENTO DE TUBOS E PECAS | G107: UN | H107: 1 | I107: 167.24 | J107: 167.24
A108: A | B108: Código | C108: Banco | D108: Equipamentos | E108: Quantidade | F108: Utilização | H108: Custo Horário | J108: Custo Horário Total
...

Sheet DMT
B1: LEVANTAMENTO DMT
B2: Modalidade | D2: =Identificação!C2 -> Concorrência | H2: N° | I2: =Identificação!F2 -> 0 | J2: Ano | K2: =Identificação!H2 -> 2025
B3: Descrição do Objeto | D3: =Identificação!C3 -> Execução de Capeamento Asfáltico e Sinalização Viária da Rua Espírito Santo
B4: Órgão | D4: =Identificação!C4 -> Prefeitura Municipal de Montenegro-RS | J4: CNPJ | K4: =Identificação!H4 -> 90.895.905/0001-60
B5: Tipo de Objeto | D5: =Identificação!C5 -> Obras e Serviços de Engenharia
B6: Preço T. Estimado | D6: =Identificação!C6 -> 453906.91
B8: BOTA FORA
B29: BOTA FORA EM MONTENEGRO/RS
C30: https://www.google.com/maps/dir/R.+do+Esp%C3%ADrito+Santo+-+Montenegro,+RS,+95780-000/Rua+Campos+Neto,+777+-+Santa+Rita,+Montenegro+-+RS/@-29.6926307,-51.4898486,14z/data=!4m13!4m12!1m5!1m1!1s0x951bfb4a4daf1991:0x6952d54ef18de4db!2m2!1d-51.4496488!2d-29.6823334!1m5!1m1!1s0x951bfaca0cc7e73f:0xa1291f445f91e658!2m2!1d-51.49357!2d-29.6973047?entry=ttu&g_ep=EgoyMDI1MTAwMS4wIKXMDSoASAFQAw%3D%3D
B32: ASFALTO DILUÍDO DE PETRÓLEO - RR-2C
B48: REFAP - Refinaria Alberto Pascoaline
C49: https://www.google.com.br/maps/dir/REFAP+PETROBRAS+-+Refinaria+Alberto+Pasqualini+-+Avenida+Get%C3%BAlio+Vargas+-+Brigadeira,+Canoas+-+RS/R.+do+Esp%C3%ADrito+Santo+-+Montenegro,+RS,+95780-000/@-29.7791492,-51.2936004,11.25z/data=!4m13!4m12!1m5!1m1!1s0x95196562136e18b1:0x2b67b64f606e7ad4!2m2!1d-51.1776558!2d-29.8698426!1m5!1m1!1s0x951bfb4a4daf1991:0x6952d54ef18de4db!2m2!1d-51.4496488!2d-29.6823334?entry=ttu
B52: CBUQ
B68: Usina de Asfalto - Coesul
C69: https://www.google.com/maps/dir/R.+do+Esp%C3%ADrito+Santo+-+Ferrovi%C3%A1rio,+Montenegro+-+RS,+95780-000/COESUL+Pedreira+-+Rodovia+Governador+Leonel+de+Moura+Brizola+-+Costa+da+Cadeia,+Triunfo+-+RS/@-29.6989717,-51.5948145,12.75z/data=!4m13!4m12!1m5!1m1!1s0x951bfb4a4daf1991:0x6952d54ef18de4db!2m2!1d-51.4496488!2d-29.6823334!1m5!1m1!1s0x951bf3112207e23b:0x7cd4ae0cd351b638!2m2!1d-51.6525726!2d-29.7041053?entry=ttu&g_ep=EgoyMDI1MTAwNC4wIKXMDSoASAFQAw%3D%3D
B86: Britagem Gaspar Filial Montenegro
C87: https://www.google.com/maps/dir/R.+do+Esp%C3%ADrito+Santo+-+Ferrovi%C3%A1rio,+Montenegro+-+RS,+95780-000/Britagem+Gaspar+Filial+Montenegro+-+Fortaleza,+Montenegro+-+RS/@-29.7232164,-51.5158653,13z/data=!4m13!4m12!1m5!1m1!1s0x951bfb4a4daf1991:0x6952d54ef18de4db!2m2!1d-51.4496488!2d-29.6823334!1m5!1m1!1s0x951bef358b73bad1:0xdca440726d2924c2!2m2!1d-51.5457225!2d-29.7645402?entry=ttu&g_ep=EgoyMDI1MTAwNC4wIKXMDSoASAFQAw%3D%3D
B104: Toniolo Busnello SA.
C105: https://www.google.com/maps/dir/R.+do+Esp%C3%ADrito+Santo+-+Ferrovi%C3%A1rio,+Montenegro+-+RS,+95780-000/-29.7260024,-51.2623174/@-29.6962029,-51.4070277,12.75z/data=!4m8!4m7!1m5!1m1!1s0x951bfb4a4daf1991:0x6952d54ef18de4db!2m2!1d-51.4496488!2d-29.6823334!1m0?entry=ttu&g_ep=EgoyMDI1MTAwNC4wIKXMDSoASAFQAw%3D%3D
B107: TRANSPORTE DE MEIO-FIOS
B121: Tubossinos
C122: https://www.google.com.br/maps/dir/Tubossinos+-+Rua+Vereador+Ant%C3%B4nio+Rodrigues+da+Rosa+-+Morretinhos,+Port%C3%A3o+-+RS/R.+do+Esp%C3%ADrito+Santo+-+Ferrovi%C3%A1rio,+Montenegro+-+RS,+95780-000/@-29.6852048,-51.3229636,12z/data=!4m13!4m12!1m5!1m1!1s0x951942d2532e6125:0x116021b73dabeaf3!2m2!1d-51.2238263!2d-29.7301334!1m5!1m1!1s0x951bfb4a4daf1991:0x6952d54ef18de4db!2m2!1d-51.4481624!2d-29.6841002?entry=ttu
B131: Construsinos Ind. e Comércio de Artefatos de Cimento Ltda
C132: https://www.google.com.br/maps/dir/Construsinos+Ind%C3%BAstria+e+Com%C3%A9rcio+de+Artefatos+de+Cimento+Ltda+-+Avenida+Parob%C3%A9+-+Scharlau,+S%C3%A3o+Leopoldo+-+RS/R.+do+Esp%C3%ADrito+Santo+-+Ferrovi%C3%A1rio,+Montenegro+-+RS,+95780-000/@-29.6925872,-51.3074129,12z/data=!4m13!4m12!1m5!1m1!1s0x951942d30706137d:0xfda55e973e29a412!2m2!1d-51.1767012!2d-29.7166099!1m5!1m1!1s0x951bfb4a4daf1991:0x6952d54ef18de4db!2m2!1d-51.4496488!2d-29.6823334?entry=ttu
B149: Tubos Tabaí
C150: https://www.google.com.br/maps/dir/Artefatos+de+Cimento+Taba%C3%AD+Ltda+-+BR-386,+Nova+Santa+Rita+-+RS/R.+do+Esp%C3%ADrito+Santo+-+Ferrovi%C3%A1rio,+Montenegro+-+RS,+95780-000/@-29.7664845,-51.3267635,11.25z/data=!4m13!4m12!1m5!1m1!1s0x9519646cb70c4c1d:0x7350a616211483d0!2m2!1d-51.2570576!2d-29.8598976!1m5!1m1!1s0x951bfb4a4daf1991:0x6952d54ef18de4db!2m2!1d-51.4496488!2d-29.6823334?entry=ttu
B152: BRITAGEM
B178: Britagem Montenegro Construtora Irmãos Carollo
C180: https://www.google.com/maps/dir/R.+do+Esp%C3%ADrito+Santo+-+Ferrovi%C3%A1rio,+Montenegro+-+RS,+95780-000/Britagem+Montenegro+Construtora+Irm%C3%A3os+Carollo+-+Estrada+Ant%C3%B4nio+Carlos+Fernandes+da+Rosa+-+Passo+da+Amora,+Montenegro+-+RS/@-29.7109832,-51.4875461,13.5z/data=!4m13!4m12!1m5!1m1!1s0x951bfb4a4daf1991:0x6952d54ef18de4db!2m2!1d-51.4496488!2d-29.6823334!1m5!1m1!1s0x951be55a638c76dd:0x558f148ea09f4164!2m2!1d-51.4895433!2d-29.7478074?entry=ttu&g_ep=EgoyMDI1MTAwNC4wIKXMDSoASAFQAw%3D%3D
B183: EMPRESA | D183: DISTÂNCIA MÉDIA CBUQ
B184: Usina de Asfalto Coesul | D184: 22.3
B185: Britagem e Usina Gaspar | D185: 17.4
B186: Toniolo Busnello | D186: 26.7
D187: =AVERAGE(D184:D186) -> 22.133333
B189: EMPRESA | D189: DISTÂNCIA MÉDIA ARTEFATOS DE CONCRETO
B190: =B121 -> Tubossinos | D190: 31.5
B191: =B131 -> Construsinos Ind. e Comércio de Artefatos de Cimento Ltda | D191: 31.4
B192: =B149 -> Tubos Tabaí | D192: 39.9
D193: =AVERAGE(D190:D192) -> 34.266667
D195: Km
B196: BOTA FORA | D196: 5.7
B197: DISTÂNCIA RR-2C/CM-30 | D197: 52.7
B198: DISTÂNCIA USINA-OBRA - CBUQ | D198: =D187 -> 22.133333
B199: ARTEFATOS DE CONCRETO | D199: =D193 -> 34.266667
B200: BRITAGEM | D200: 10.4

Sheet Proposta
A1: PROPOSTA
A2: Modalidade | C2: =Identificação!C2 -> Concorrência | E2: N° | F2: =IF([5]Identificação!E2=0,"",[5]Identificação!E2) | G2: Ano | H2: =Identificação!H2 -> 2025
A3: Descrição do Objeto | C3: =Identificação!C3 -> Execução de Capeamento Asfáltico e Sinalização Viária da Rua Espírito Santo
A4: Licitante | G4: CNPJ*
A5: Tipo de Objeto | C5: =Identificação!C5 -> Obras e Serviços de Engenharia
A6: Preço Total Proposto | C6: =SUMIFS(H12:H39895,B12:B39895,">0",H12:H39895,"<>0") -> 0
A7: Atenção! Se existirem itens sem preço proposto, deixe a célula do preço unitário proposto em branco.
A9: *Campos de preenchimento obrigatório | F9: **Obrigatório só para Obras e Serviços de Engenharia
A10: Nº do lote | B10: Nº Ordem | C10: Nº Item | D10: Descrição do item | E10: Proposta
E11: Qtd. | F11: Unid. | G11: Preço unitário (R$)* | H11: Preço Total (R$) | I11: % BDI** | J11: % Encargos Sociais** | K11: Percentual de Desconto | L11: Pr. Unit. Material | M11: Pr. Unit. Mão de obra
A12: ='Orçamento-base'!A11 -> 1. SERVIÇOS PRELIMINARES
A13: ='Orçamento-base'!A12 -> 1 | B13: ='Orçamento-base'!B12 -> 1 | C13: ='Orçamento-base'!C12 -> 1.1 | D13: ='Orçamento-base'!G12 -> FORNECIMENTO E INSTALAÇÃO DE PLACA DE OBRA COM CHAPA GALVANIZADA E ESTRUTURA DE MADEIRA. AF_03/2022_PS | E13: ='Orçamento-base'!H12 -> 2.88 | F13: ='Orçamento-base'!I12 -> m² | G13: =IFERROR(IF(L13+M13<>0,ROUND(ROUND(L13,4)+ROUND(M13,4),4),""),"") | H13: =IFERROR(IF(E13*G13<>0,ROUND(ROUND(E13,4)*ROUND(G13,4),2),""),"") | I13: ='Orçamento-base'!L12 -> 0.2207 | J13: ='Orçamento-base'!M12 -> 1.1288
A14: ='Orçamento-base'!A13 -> 1 | B14: ='Orçamento-base'!B13 -> 2 | C14: ='Orçamento-base'!C13 -> 1.2 | D14: ='Orçamento-base'!G13 -> FORNECIMENTO E INSTALAÇÃO DE SUPORTE DE MADEIRA PARA PLACAS DE SINALIZAÇÃO, EM SOLO, COM H= DE 2,0 M E SEÇÃO DE 7,5 X 7,5 CM. AF_03/2022 | E14: ='Orçamento-base'!H13 -> 2 | F14: ='Orçamento-base'!I13 -> UN | G14: =IFERROR(IF(L14+M14<>0,ROUND(ROUND(L14,4)+ROUND(M14,4),4),""),"") | H14: =IFERROR(IF(E14*G14<>0,ROUND(ROUND(E14,4)*ROUND(G14,4),2),""),"") | I14: ='Orçamento-base'!L13 -> 0.2207 | J14: ='Orçamento-base'!M13 -> 1.1288
A15: ='Orçamento-base'!A14 -> 1 | B15: ='Orçamento-base'!B14 -> 3 | C15: ='Orçamento-base'!C14 -> 1.3 | D15: ='Orçamento-base'!G14 -> CONE PLÁSTICO PARA CANALIZAÇÃO DE TRÂNSITO - UTILIZAÇÃO DE 150 CICLOS - FORNECIMENTO, 01 IMPLANTAÇÃO E 01 RETIRADA DIÁRIA | E15: ='Orçamento-base'!H14 -> 600 | F15: ='Orçamento-base'!I14 -> un.dia | G15: =IFERROR(IF(L15+M15<>0,ROUND(ROUND(L15,4)+ROUND(M15,4),4),""),"") | H15: =IFERROR(IF(E15*G15<>0,ROUND(ROUND(E15,4)*ROUND(G15,4),2),""),"") | I15: ='Orçamento-base'!L14 -> 0.2207 | J15: ='Orçamento-base'!M14 -> 1.1288
A16: ='Orçamento-base'!A15 -> 1 | B16: ='Orçamento-base'!B15 -> 4 | C16: ='Orçamento-base'!C15 -> 1.4 | D16: ='Orçamento-base'!G15 -> PLACA DE ADVERTÊNCIA PARA SINALIZAÇÃO DE OBRAS MONTADA EM SUPORTE METÁLICO MÓVEL, LADO 1,00 M - UTILIZAÇÃO DE 600 CICLOS - FORNECIMENTO, 01 IMPLANTAÇÃO E 01 RETIRADA DIÁRIA | E16: ='Orçamento-base'!H15 -> 120 | F16: ='Orçamento-base'!I15 -> un.dia | G16: =IFERROR(IF(L16+M16<>0,ROUND(ROUND(L16,4)+ROUND(M16,4),4),""),"") | H16: =IFERROR(IF(E16*G16<>0,ROUND(ROUND(E16,4)*ROUND(G16,4),2),""),"") | I16: ='Orçamento-base'!L15 -> 0.2207 | J16: ='Orçamento-base'!M15 -> 1.1288
A17: ='Orçamento-base'!A16 -> 1 | B17: ='Orçamento-base'!B16 -> 5 | C17: ='Orçamento-base'!C16 -> 1.5 | D17: ='Orçamento-base'!G16 -> MOBILIZAÇÃO E DESMOBILIZAÇÃO DE EQUIPES E EQUIPAMENTOS PARA CAPEAMENTO | E17: ='Orçamento-base'!H16 -> 1 | F17: ='Orçamento-base'!I16 -> UN | G17: =IFERROR(IF(L17+M17<>0,ROUND(ROUND(L17,4)+ROUND(M17,4),4),""),"") | H17: =IFERROR(IF(E17*G17<>0,ROUND(ROUND(E17,4)*ROUND(G17,4),2),""),"") | I17: ='Orçamento-base'!L16 -> 0.2207 | J17: ='Orçamento-base'!M16 -> 1.1288
A18: ='Orçamento-base'!A17 -> 1 | B18: ='Orçamento-base'!B17 -> 6 | C18: ='Orçamento-base'!C17 -> 1.6 | D18: ='Orçamento-base'!G17 -> RESPONSÁVEL TÉCNICO | E18: ='Orçamento-base'!H17 -> 16 | F18: ='Orçamento-base'!I17 -> H | G18: =IFERROR(IF(L18+M18<>0,ROUND(ROUND(L18,4)+ROUND(M18,4),4),""),"") | H18: =IFERROR(IF(E18*G18<>0,ROUND(ROUND(E18,4)*ROUND(G18,4),2),""),"") | I18: ='Orçamento-base'!L17 -> 0.2207 | J18: ='Orçamento-base'!M17 -> 1.1288
A19: ='Orçamento-base'!A18 -> 2. MEIO-FIO E ADEQUAÇÕES
A20: ='Orçamento-base'!A19 -> 1 | B20: ='Orçamento-base'!B19 -> 7 | C20: ='Orçamento-base'!C19 -> 2.1 | D20: ='Orçamento-base'!G19 -> ASSENTAMENTO DE GUIA (MEIO-FIO) EM TRECHO RETO, CONFECCIONADA EM CONCRETO PRÉ-FABRICADO, DIMENSÕES 100X15X13X30 CM (COMPRIMENTO X BASE INFERIOR X BASE SUPERIOR X ALTURA). AF_01/2024 | E20: ='Orçamento-base'!H19 -> 8 | F20: ='Orçamento-base'!I19 -> m | G20: =IFERROR(IF(L20+M20<>0,ROUND(ROUND(L20,4)+ROUND(M20,4),4),""),"") | H20: =IFERROR(IF(E20*G20<>0,ROUND(ROUND(E20,4)*ROUND(G20,4),2),""),"") | I20: ='Orçamento-base'!L19 -> 0.2207 | J20: ='Orçamento-base'!M19 -> 1.1288
A21: ='Orçamento-base'!A20 -> 1 | B21: ='Orçamento-base'!B20 -> 8 | C21: ='Orçamento-base'!C20 -> 2.2 | D21: ='Orçamento-base'!G20 -> Transporte com caminhão carroceria com capacidade de 11 t e com guindauto de 45 t.m - rodovia pavimentada | E21: ='Orçamento-base'!H20 -> 21.93 | F21: ='Orçamento-base'!I20 -> tkm | G21: =IFERROR(IF(L21+M21<>0,ROUND(ROUND(L21,4)+ROUND(M21,4),4),""),"") | H21: =IFERROR(IF(E21*G21<>0,ROUND(ROUND(E21,4)*ROUND(G21,4),2),""),"") | I21: ='Orçamento-base'!L20 -> 0.2207 | J21: ='Orçamento-base'!M20 -> 1.1288
A22: ='Orçamento-base'!A21 -> 1 | B22: ='Orçamento-base'!B21 -> 9 | C22: ='Orçamento-base'!C21 -> 2.3 | D22: ='Orçamento-base'!G21 -> DEMOLIÇÃO DE PISO DE CONCRETO SIMPLES, DE FORMA MECANIZADA COM MARTELETE, SEM REAPROVEITAMENTO. AF_09/2023 | E22: ='Orçamento-base'!H21 -> 4.5 | F22: ='Orçamento-base'!I21 -> m³ | G22: =IFERROR(IF(L22+M22<>0,ROUND(ROUND(L22,4)+ROUND(M22,4),4),""),"") | H22: =IFERROR(IF(E22*G22<>0,ROUND(ROUND(E22,4)*ROUND(G22,4),2),""),"") | I22: ='Orçamento-base'!L21 -> 0.2207 | J22: ='Orçamento-base'!M21 -> 1.1288
A23: ='Orçamento-base'!A22 -> 1 | B23: ='Orçamento-base'!B22 -> 10 | C23: ='Orçamento-base'!C22 -> 2.4 | D23: ='Orçamento-base'!G22 -> Carga, manobra e descarga de agregados ou solos em caminhão basculante de 10 m³ - carga com carregadeira de 3,40 m³ e descarga livre | E23: ='Orçamento-base'!H22 -> 11.25 | F23: ='Orçamento-base'!I22 -> t | G23: =IFERROR(IF(L23+M23<>0,ROUND(ROUND(L23,4)+ROUND(M23,4),4),""),"") | H23: =IFERROR(IF(E23*G23<>0,ROUND(ROUND(E23,4)*ROUND(G23,4),2),""),"") | I23: ='Orçamento-base'!L22 -> 0.2207 | J23: ='Orçamento-base'!M22 -> 1.1288
A24: ='Orçamento-base'!A23 -> 1 | B24: ='Orçamento-base'!B23 -> 11 | C24: ='Orçamento-base'!C23 -> 2.5 | D24: ='Orçamento-base'!G23 -> TRANSPORTE COM CAMINHÃO BASCULANTE DE 6 M³, EM VIA URBANA PAVIMENTADA, DMT ATÉ 30 KM (UNIDADE: M3XKM). AF_07/2020 | E24: ='Orçamento-base'!H23 -> 38.47 | F24: ='Orçamento-base'!I23 -> m3xkm | G24: =IFERROR(IF(L24+M24<>0,ROUND(ROUND(L24,4)+ROUND(M24,4),4),""),"") | H24: =IFERROR(IF(E24*G24<>0,ROUND(ROUND(E24,4)*ROUND(G24,4),2),""),"") | I24: ='Orçamento-base'!L23 -> 0.2207 | J24: ='Orçamento-base'!M23 -> 1.1288
A25: ='Orçamento-base'!A24 -> 3. CAPEAMENTO ASFÁLTICO
A26: ='Orçamento-base'!A25 -> 1 | B26: ='Orçamento-base'!B25 -> 12 | C26: ='Orçamento-base'!C25 -> 3.1 | D26: ='Orçamento-base'!G25 -> CAPINA E LIMPEZA MANUAL DE SUPERFÍCIE BASÁLTICA | E26: ='Orçamento-base'!H25 -> 52.5 | F26: ='Orçamento-base'!I25 -> m² | G26: =IFERROR(IF(L26+M26<>0,ROUND(ROUND(L26,4)+ROUND(M26,4),4),""),"") | H26: =IFERROR(IF(E26*G26<>0,ROUND(ROUND(E26,4)*ROUND(G26,4),2),""),"") | I26: ='Orçamento-base'!L25 -> 0.2207 | J26: ='Orçamento-base'!M25 -> 1.1288
A27: ='Orçamento-base'!A26 -> 1 | B27: ='Orçamento-base'!B26 -> 13 | C27: ='Orçamento-base'!C26 -> 3.2 | D27: ='Orçamento-base'!G26 -> VARRIÇÃO E LIMPEZA DA PISTA COM VASSOURA MECÂNICA ACOPLADA - M² | E27: ='Orçamento-base'!H26 -> 2806.75 | F27: ='Orçamento-base'!I26 -> m² | G27: =IFERROR(IF(L27+M27<>0,ROUND(ROUND(L27,4)+ROUND(M27,4),4),""),"") | H27: =IFERROR(IF(E27*G27<>0,ROUND(ROUND(E27,4)*ROUND(G27,4),2),""),"") | I27: ='Orçamento-base'!L26 -> 0.2207 | J27: ='Orçamento-base'!M26 -> 1.1288
A28: ='Orçamento-base'!A27 -> 1 | B28: ='Orçamento-base'!B27 -> 14 | C28: ='Orçamento-base'!C27 -> 3.3 | D28: ='Orçamento-base'!G27 -> EXECUÇÃO DE PINTURA DE LIGAÇÃO COM EMULSÃO ASFÁLTICA RR-2C - M² | E28: ='Orçamento-base'!H27 -> 2419.97 | F28: ='Orçamento-base'!I27 -> m² | G28: =IFERROR(IF(L28+M28<>0,ROUND(ROUND(L28,4)+ROUND(M28,4),4),""),"") | H28: =IFERROR(IF(E28*G28<>0,ROUND(ROUND(E28,4)*ROUND(G28,4),2),""),"") | I28: ='Orçamento-base'!L27 -> 0.2207 | J28: ='Orçamento-base'!M27 -> 1.1288
A29: ='Orçamento-base'!A28 -> 1 | B29: ='Orçamento-base'!B28 -> 15 | C29: ='Orçamento-base'!C28 -> 3.4 | D29: ='Orçamento-base'!G28 -> Transporte de material betuminoso com caminhão tanque distribuidor - rodovia pavimentada | E29: ='Orçamento-base'!H28 -> 57.38 | F29: ='Orçamento-base'!I28 -> tkm | G29: =IFERROR(IF(L29+M29<>0,ROUND(ROUND(L29,4)+ROUND(M29,4),4),""),"") | H29: =IFERROR(IF(E29*G29<>0,ROUND(ROUND(E29,4)*ROUND(G29,4),2),""),"") | I29: ='Orçamento-base'!L28 -> 0.2207 | J29: ='Orçamento-base'!M28 -> 1.1288
A30: ='Orçamento-base'!A29 -> 1 | B30: ='Orçamento-base'!B29 -> 16 | C30: ='Orçamento-base'!C29 -> 3.5 | D30: ='Orçamento-base'!G29 -> EXECUÇÃO DE PAVIMENTO COM APLICAÇÃO DE CONCRETO ASFÁLTICO - EXCLUSIVE FORNECIMENTO DE MATERIAL, CARGA E TRANSPORTE (COMPOSIÇÃO 95995) | E30: ='Orçamento-base'!H29 -> 72.59 | F30: ='Orçamento-base'!I29 -> m³ | G30: =IFERROR(IF(L30+M30<>0,ROUND(ROUND(L30,4)+ROUND(M30,4),4),""),"") | H30: =IFERROR(IF(E30*G30<>0,ROUND(ROUND(E30,4)*ROUND(G30,4),2),""),"") | I30: ='Orçamento-base'!L29 -> 0.2207 | J30: ='Orçamento-base'!M29 -> 1.1288
A31: ='Orçamento-base'!A30 -> 1 | B31: ='Orçamento-base'!B30 -> 17 | C31: ='Orçamento-base'!C30 -> 3.6 | D31: ='Orçamento-base'!G30 -> CONCRETO BETUMINOSO USINADO A QUENTE (CBUQ) PARA PAVIMENTACAO ASFALTICA, PADRAO DNIT, FAIXA C, COM CAP 50/70 - AQUISICAO POSTO USINA | E31: ='Orçamento-base'!H30 -> 185.47 | F31: ='Orçamento-base'!I30 -> T | G31: =IFERROR(IF(L31+M31<>0,ROUND(ROUND(L31,4)+ROUND(M31,4),4),""),"") | H31: =IFERROR(IF(E31*G31<>0,ROUND(ROUND(E31,4)*ROUND(G31,4),2),""),"") | I31: ='Orçamento-base'!L30 -> 0.1769 | J31: ='Orçamento-base'!M30 -> 1.1288
A32: ='Orçamento-base'!A31 -> 1 | B32: ='Orçamento-base'!B31 -> 18 | C32: ='Orçamento-base'!C31 -> 3.7 | D32: ='Orçamento-base'!G31 -> Transporte de mistura betuminosa a quente com caminhão com caçamba térmica de 6 m³ - rodovia pavimentada | E32: ='Orçamento-base'!H31 -> 4104.58 | F32: ='Orçamento-base'!I31 -> tkm | G32: =IFERROR(IF(L32+M32<>0,ROUND(ROUND(L32,4)+ROUND(M32,4),4),""),"") | H32: =IFERROR(IF(E32*G32<>0,ROUND(ROUND(E32,4)*ROUND(G32,4),2),""),"") | I32: ='Orçamento-base'!L31 -> 0.2207 | J32: ='Orçamento-base'!M31 -> 1.1288
A33: ='Orçamento-base'!A32 -> 1 | B33: ='Orçamento-base'!B32 -> 19 | C33: ='Orçamento-base'!C32 -> 3.8 | D33: ='Orçamento-base'!G32 -> EXECUÇÃO DE PINTURA DE LIGAÇÃO COM EMULSÃO ASFÁLTICA RR-2C - M² | E33: ='Orçamento-base'!H32 -> 2645.58 | F33: ='Orçamento-base'!I32 -> m² | G33: =IFERROR(IF(L33+M33<>0,ROUND(ROUND(L33,4)+ROUND(M33,4),4),""),"") | H33: =IFERROR(IF(E33*G33<>0,ROUND(ROUND(E33,4)*ROUND(G33,4),2),""),"") | I33: ='Orçamento-base'!L32 -> 0.2207 | J33: ='Orçamento-base'!M32 -> 1.1288
A34: ='Orçamento-base'!A33 -> 1 | B34: ='Orçamento-base'!B33 -> 20 | C34: ='Orçamento-base'!C33 -> 3.9 | D34: ='Orçamento-base'!G33 -> Transporte de material betuminoso com caminhão tanque distribuidor - rodovia pavimentada | E34: ='Orçamento-base'!H33 -> 62.73 | F34: ='Orçamento-base'!I33 -> tkm | G34: =IFERROR(IF(L34+M34<>0,ROUND(ROUND(L34,4)+ROUND(M34,4),4),""),"") | H34: =IFERROR(IF(E34*G34<>0,ROUND(ROUND(E34,4)*ROUND(G34,4),2),""),"") | I34: ='Orçamento-base'!L33 -> 0.2207 | J34: ='Orçamento-base'!M33 -> 1.1288
A35: ='Orçamento-base'!A34 -> 1 | B35: ='Orçamento-base'!B34 -> 21 | C35: ='Orçamento-base'!C34 -> 3.10 | D35: ='Orçamento-base'!G34 -> EXECUÇÃO DE PAVIMENTO COM APLICAÇÃO DE CONCRETO ASFÁLTICO - EXCLUSIVE FORNECIMENTO DE MATERIAL, CARGA E TRANSPORTE (COMPOSIÇÃO 95995) | E35: ='Orçamento-base'!H34 -> 79.36 | F35: ='Orçamento-base'!I34 -> m³ | G35: =IFERROR(IF(L35+M35<>0,ROUND(ROUND(L35,4)+ROUND(M35,4),4),""),"") | H35: =IFERROR(IF(E35*G35<>0,ROUND(ROUND(E35,4)*ROUND(G35,4),2),""),"") | I35: ='Orçamento-base'!L34 -> 0.2207 | J35: ='Orçamento-base'!M34 -> 1.1288
A36: ='Orçamento-base'!A35 -> 1 | B36: ='Orçamento-base'!B35 -> 22 | C36: ='Orçamento-base'!C35 -> 3.11 | D36: ='Orçamento-base'!G35 -> CONCRETO BETUMINOSO USINADO A QUENTE (CBUQ) PARA PAVIMENTACAO ASFALTICA, PADRAO DNIT, FAIXA C, COM CAP 50/70 - AQUISICAO POSTO USINA | E36: ='Orçamento-base'!H35 -> 202.76 | F36: ='Orçamento-base'!I35 -> T | G36: =IFERROR(IF(L36+M36<>0,ROUND(ROUND(L36,4)+ROUND(M36,4),4),""),"") | H36: =IFERROR(IF(E36*G36<>0,ROUND(ROUND(E36,4)*ROUND(G36,4),2),""),"") | I36: ='Orçamento-base'!L35 -> 0.1769 | J36: ='Orçamento-base'!M35 -> 1.1288
A37: ='Orçamento-base'!A36 -> 1 | B37: ='Orçamento-base'!B36 -> 23 | C37: ='Orçamento-base'!C36 -> 3.12 | D37: ='Orçamento-base'!G36 -> Transporte de mistura betuminosa a quente com caminhão com caçamba térmica de 6 m³ - rodovia pavimentada | E37: ='Orçamento-base'!H36 -> 4487.25 | F37: ='Orçamento-base'!I36 -> tkm | G37: =IFERROR(IF(L37+M37<>0,ROUND(ROUND(L37,4)+ROUND(M37,4),4),""),"") | H37: =IFERROR(IF(E37*G37<>0,ROUND(ROUND(E37,4)*ROUND(G37,4),2),""),"") | I37: ='Orçamento-base'!L36 -> 0.2207 | J37: ='Orçamento-base'!M36 -> 1.1288
A38: ='Orçamento-base'!A37 -> 4. SINALIZAÇÃO VIÁRIA
A39: ='Orçamento-base'!A38 -> 1 | B39: ='Orçamento-base'!B38 -> 24 | C39: ='Orçamento-base'!C38 -> 4.1 | D39: ='Orçamento-base'!G38 -> Limpeza de superfície asfáltica com soprador de ar | E39: ='Orçamento-base'!H38 -> 296.32 | F39: ='Orçamento-base'!I38 -> m² | G39: =IFERROR(IF(L39+M39<>0,ROUND(ROUND(L39,4)+ROUND(M39,4),4),""),"") | H39: =IFERROR(IF(E39*G39<>0,ROUND(ROUND(E39,4)*ROUND(G39,4),2),""),"") | I39: ='Orçamento-base'!L38 -> 0.2207 | J39: ='Orçamento-base'!M38 -> 1.1288
A40: ='Orçamento-base'!A39 -> 1 | B40: ='Orçamento-base'!B39 -> 25 | C40: ='Orçamento-base'!C39 -> 4.2 | D40: ='Orçamento-base'!G39 -> PINTURA DE EIXO VIÁRIO SOBRE ASFALTO COM TINTA RETRORREFLETIVA A BASE DE RESINA ACRÍLICA COM MICROESFERAS DE VIDRO, APLICAÇÃO MECÂNICA COM DEMARCADORA AUTOPROPELIDA. AF_05/2021 | E40: ='Orçamento-base'!H39 -> 340.73 | F40: ='Orçamento-base'!I39 -> m | G40: =IFERROR(IF(L40+M40<>0,ROUND(ROUND(L40,4)+ROUND(M40,4),4),""),"") | H40: =IFERROR(IF(E40*G40<>0,ROUND(ROUND(E40,4)*ROUND(G40,4),2),""),"") | I40: ='Orçamento-base'!L39 -> 0.2207 | J40: ='Orçamento-base'!M39 -> 1.1288
A41: ='Orçamento-base'!A40 -> 1 | B41: ='Orçamento-base'!B40 -> 26 | C41: ='Orçamento-base'!C40 -> 4.3 | D41: ='Orçamento-base'!G40 -> PINTURA DE FAIXA DE PEDESTRE, RETENÇÃO, TEXTOS E SÍMBOLOS COM TINTA RETRORREFLETIVA A BASE DE RESINA ACRÍLICA COM MICROESFERAS DE VIDRO, E = 30 CM, APLICAÇÃO MANUAL. AF_05/2021 | E41: ='Orçamento-base'!H40 -> 71.8 | F41: ='Orçamento-base'!I40 -> m² | G41: =IFERROR(IF(L41+M41<>0,ROUND(ROUND(L41,4)+ROUND(M41,4),4),""),"") | H41: =IFERROR(IF(E41*G41<>0,ROUND(ROUND(E41,4)*ROUND(G41,4),2),""),"") | I41: ='Orçamento-base'!L40 -> 0.2207 | J41: ='Orçamento-base'!M40 -> 1.1288
A42: ='Orçamento-base'!A41 -> 1 | B42: ='Orçamento-base'!B41 -> 27 | C42: ='Orçamento-base'!C41 -> 4.4 | D42: ='Orçamento-base'!G41 -> PINTURA DE MEIO-FIO COM TINTA BRANCA A BASE DE CAL (CAIAÇÃO). AF_05/2021 | E42: ='Orçamento-base'!H41 -> 698 | F42: ='Orçamento-base'!I41 -> m | G42: =IFERROR(IF(L42+M42<>0,ROUND(ROUND(L42,4)+ROUND(M42,4),4),""),"") | H42: =IFERROR(IF(E42*G42<>0,ROUND(ROUND(E42,4)*ROUND(G42,4),2),""),"") | I42: ='Orçamento-base'!L41 -> 0.2207 | J42: ='Orçamento-base'!M41 -> 1.1288
A43: ='Orçamento-base'!A42 -> 1 | B43: ='Orçamento-base'!B42 -> 28 | C43: ='Orçamento-base'!C42 -> 4.5 | D43: ='Orçamento-base'!G42 -> PINTURA DE MEIO-FIO COM TINTA AMARELA A BASE DE CAL (CAIAÇÃO). AF_05/2021 | E43: ='Orçamento-base'!H42 -> 64 | F43: ='Orçamento-base'!I42 -> m | G43: =IFERROR(IF(L43+M43<>0,ROUND(ROUND(L43,4)+ROUND(M43,4),4),""),"") | H43: =IFERROR(IF(E43*G43<>0,ROUND(ROUND(E43,4)*ROUND(G43,4),2),""),"") | I43: ='Orçamento-base'!L42 -> 0.2207 | J43: ='Orçamento-base'!M42 -> 1.1288
A44: ='Orçamento-base'!A43 -> 1 | B44: ='Orçamento-base'!B43 -> 29 | C44: ='Orçamento-base'!C43 -> 4.6 | D44: ='Orçamento-base'!G43 -> Placa de regulamentação em aço "PARE", R1 lado 0,248 m - película retrorrefletiva tipo I + SI - fornecimento e implantação | E44: ='Orçamento-base'!H43 -> 1 | F44: ='Orçamento-base'!I43 -> un | G44: =IFERROR(IF(L44+M44<>0,ROUND(ROUND(L44,4)+ROUND(M44,4),4),""),"") | H44: =IFERROR(IF(E44*G44<>0,ROUND(ROUND(E44,4)*ROUND(G44,4),2),""),"") | I44: ='Orçamento-base'!L43 -> 0.2207 | J44: ='Orçamento-base'!M43 -> 1.1288
A45: ='Orçamento-base'!A44 -> 1 | B45: ='Orçamento-base'!B44 -> 30 | C45: ='Orçamento-base'!C44 -> 4.7 | D45: ='Orçamento-base'!G44 -> PLACA DE ADVERTÊNCIA EM AÇO, LADO DE 0,50m "PASSAGEM SINALIZADA DE PEDESTRES" A-32b | E45: ='Orçamento-base'!H44 -> 3 | F45: ='Orçamento-base'!I44 -> un | G45: =IFERROR(IF(L45+M45<>0,ROUND(ROUND(L45,4)+ROUND(M45,4),4),""),"") | H45: =IFERROR(IF(E45*G45<>0,ROUND(ROUND(E45,4)*ROUND(G45,4),2),""),"") | I45: ='Orçamento-base'!L44 -> 0.2207 | J45: ='Orçamento-base'!M44 -> 1.1288
A46: ='Orçamento-base'!A45 -> 1 | B46: ='Orçamento-base'!B45 -> 31 | C46: ='Orçamento-base'!C45 -> 4.8 | D46: ='Orçamento-base'!G45 -> PLACA DE REGULAMENTAÇÃO EM AÇO COM DIÂMETRO DE 50cm, "VELOCIDADE MÁXIMA PERMITIDA" R-19 | E46: ='Orçamento-base'!H45 -> 2 | F46: ='Orçamento-base'!I45 -> un | G46: =IFERROR(IF(L46+M46<>0,ROUND(ROUND(L46,4)+ROUND(M46,4),4),""),"") | H46: =IFERROR(IF(E46*G46<>0,ROUND(ROUND(E46,4)*ROUND(G46,4),2),""),"") | I46: ='Orçamento-base'!L45 -> 0.2207 | J46: ='Orçamento-base'!M45 -> 1.1288
A47: ='Orçamento-base'!A46 -> 1 | B47: ='Orçamento-base'!B46 -> 32 | C47: ='Orçamento-base'!C46 -> 4.9 | D47: ='Orçamento-base'!G46 -> Suporte metálico galvanizado para placa de advertência ou regulamentação - lado ou diâmetro de 0,60 m - fornecimento e implantação | E47: ='Orçamento-base'!H46 -> 6 | F47: ='Orçamento-base'!I46 -> un | G47: =IFERROR(IF(L47+M47<>0,ROUND(ROUND(L47,4)+ROUND(M47,4),4),""),"") | H47: =IFERROR(IF(E47*G47<>0,ROUND(ROUND(E47,4)*ROUND(G47,4),2),""),"") | I47: ='Orçamento-base'!L46 -> 0.2207 | J47: ='Orçamento-base'!M46 -> 1.1288
A48: ='Orçamento-base'!A47 -> 1 | B48: ='Orçamento-base'!B47 -> 33 | C48: ='Orçamento-base'!C47 -> 4.10 | D48: ='Orçamento-base'!G47 -> FORNECIMENTO E INSTALAÇÃO DE PLACA DE SINALIZAÇÃO DE IDENTIFICAÇÃO DE RUAS E SUPORTE METÁLICO, COM H= DE 2,5 M E DIÂMETRO DE 2'' | E48: ='Orçamento-base'!H47 -> 2 | F48: ='Orçamento-base'!I47 -> un | G48: =IFERROR(IF(L48+M48<>0,ROUND(ROUND(L48,4)+ROUND(M48,4),4),""),"") | H48: =IFERROR(IF(E48*G48<>0,ROUND(ROUND(E48,4)*ROUND(G48,4),2),""),"") | I48: ='Orçamento-base'!L47 -> 0.2207 | J48: ='Orçamento-base'!M47 -> 1.1288

Sheet Pesquisa Familia e Subfamilia
A1: Tipo de Objeto | B1: Código Família | C1: Família | D1: Código Subfamília | E1: Subfamília
A2: Compras | B2: 736 | C2: alimentacao humana especial/manipuladas/fracionada | D2: 460 | E2: laticinios e correlatos
A3: Compras | B3: 736 | C3: alimentacao humana especial/manipuladas/fracionada | D3: 640 | E3: produtos de origem animal in natura
A4: Compras | B4: 736 | C4: alimentacao humana especial/manipuladas/fracionada | D4: 641 | E4: produtos de origem vegetal in natura
A5: Compras | B5: 736 | C5: alimentacao humana especial/manipuladas/fracionada | D5: 643 | E5: produtos de panificacao
A6: Compras | B6: 736 | C6: alimentacao humana especial/manipuladas/fracionada | D6: 642 | E6: produtos nao pereciveis
A7: Compras | B7: 965 | C7: adubos/corretivos do solo | D7: 1 | E7: adubos
A8: Compras | B8: 965 | C8: adubos/corretivos do solo | D8: 89 | E8: corretivos do solo
A9: Compras | B9: 788 | C9: alimentacao humana - laticinios e correlatos | D9: 700 | E9: cremes vegetais
A10: Compras | B10: 788 | C10: alimentacao humana - laticinios e correlatos | D10: 133 | E10: derivados do leite
A11: Compras | B11: 788 | C11: alimentacao humana - laticinios e correlatos | D11: 456 | E11: leite
A12: Compras | B12: 788 | C12: alimentacao humana - laticinios e correlatos | D12: 500 | E12: manteiga
A13: Compras | B13: 788 | C13: alimentacao humana - laticinios e correlatos | D13: 676 | E13: queijo e similares
... A3482: Outros Serviços | B3482: 72 | C3482: servicos: vigilancia/seguranca/transporte de valores | D3482: 737 | E3482: servicos transporte de valores/contagem numerario
A3484: 1

Sheet base
C1: Cód. Família | D1: Família | E1: Cód. Subfamília | F1: Subfamília | I1: Sigla | J1: Descrição Unidade | K1: Modalidades | L1: Tipo de Objeto | M1: Tipo de Orcamento | N1: Fonte de Rerefência
C2: 2 | D2: equipamentos/materiais p/escritorio/escola/artes plasticas | E2: 89 | F2: tinta para carimbos | G2: 2|89 | I2: ades | J2: adesivo | K2: Chamada Pública / PNAE | L2: Alienação de Bens | M2: Mão-de-obra | N2: AGESUL
C3: 3 | D3: servicos técnicos: projetos/auditorias/ consultorias/assessorias | E3: 177 | F3: equipamentos p/escritorio | G3: 2|177 | I3: amp | J3: ampola | K3: Chamamento Público | L3: Compras | M3: Mão-de-obra e material | N3: AGETOP_CIVIL
C4: 7 | D4: serviços de engenharia/obras: resíduos sólidos | E4: 178 | F4: equipamentos p/reprografia/grafica/copiadoras | G4: 2|178 | I4: ano | J4: ano | K4: Chamamento Público / Credenciamento | L4: Compras e Outros Serviços | M4: Material | N4: AGETOP_ROD
C5: 8 | D5: serviços de engenharia/obras: edificações | E5: 179 | F5: equipamentos didaticos/ensino/treinamento | G5: 2|179 | I5: band | J5: bandeja | K5: Concorrência | L5: Concessão | M5: Serviço | N5: ANP
C6: 9 | D6: serviços de engenharia/obras: rodovias, ferrovias e aeroportos | E6: 221 | F6: filmes p/ plastificacao | G6: 2|221 | I6: bast | J6: bastão | K6: Concorrência Lei 14.133/21 Eletrônica | L6: Locações | N6: CAEMA
C7: 10 | D7: serviços de engenharia/obras: obras-de-arte-especiais | E7: 500 | F7: materiais/suprimentos p/equipamentos de escritorio | G7: 2|500 | I7: bg | J7: bisnaga | K7: Concorrência Lei 14.133/21 Presencial | L7: Não se aplica | N7: CAERN
C8: 11 | D8: serviços de engenharia/obras: urbanização | E8: 504 | F8: materiais permanentes p/escritorio | G8: 2|504 | I8: bl | J8: bloco | K8: Concurso | L8: Obras e Serviços de Engenharia | N8: CAU
C9: 12 | D9: serviços de engenharia/obras: infraestrutura de energia | E9: 508 | F9: materiais de consumo p/escritorio | G9: 2|508 | I9: bld | J9: balde | K9: Convite | L9: Outros Serviços | N9: CDHU
C10: 13 | D10: serviços de engenharia/obras: saneamento | E10: 514 | F10: materiais permanentes didaticos/escolares/desenho tecnico | G10: 2|514 | I10: bli | J10: blister | K10: Licitação Lei 13.303/16 Eletrônico | L10: Permissão | N10: CEEE
C11: 14 | D11: serviços de engenharia/obras: obras portuárias, marítimas e fluviais | E11: 518 | F11: materiais de consumo didaticos/escolares/desenho tecnico | G11: 2|518 | I11: bls | J11: bolsa | K11: Licitação Lei 13.303/16 Presencial | N11: CEHOP
C12: 15 | D12: serviços de engenharia/obras: serviços especializados para construção | E12: 522 | F12: materiais p/encadernacao/envelopamento | G12: 2|522 | I12: bob | J12: bobina | K12: Leilão Eletrônico | N12: COMPOSICAO_PROPRIA
C13: 16 | D13: serviços de engenharia/obras: inst. elétricas, hidráulicas e outras inst. em construções | E13: 526 | F13: materiais p/arquivamento | G13: 2|526 | I13: bomb | J13: bombona | K13: Leilão Presencial | N13: CONTRATACAO_PUBLICA
C14: 17 | D14: serviços de engenharia/obras: serviços técnicos de engenharia e arquitetura | E14: 528 | F14: materiais de consumo graficos | G14: 2|528 | I14: bot | J14: botijão | K14: Pregão Eletrônico | N14: CONVENCAO_COLETIVA
C15: 29 | D15: serviços: credenciamento de serviços de educação | E15: 632 | F15: pinceis profissional | G15: 2|632 | I15: brr | J15: barra | K15: Pregão Presencial | N15: CORSAN
C16: 30 | D16: serviços: credenciamento de serviços de saúde | E16: 1 | F16: auditoria | G16: 3|1 | I16: cap | J16: cápsula | K16: Pregão Lei 14.133/21 Eletrônico | N16: COTACAO
C17: 31 | D17: servicos: terceirizacao de mao-de-obra especializada | E17: 2 | F17: assessoria em geral | G17: 3|2 | I17: carr | J17: carretel | K17: Pregão Lei 14.133/21 Presencial | N17: CREA
C18: 33 | D18: materiais p/escritório | E18: 89 | F18: consultoria em geral | G18: 3|89 | I18: cart | J18: cartela | K18: Processo de Dispensa Eletrônica | N18: CUB/SINDUSCON
C19: 34 | D19: materiais/ suprimentos p/informatica | E19: 133 | F19: desenho | G19: 3|133 | I19: cento | J19: cento | K19: RDC Eletrônico | N19: DAER
C20: 35 | D20: equipamentos p/informatica | E20: 180 | F20: estudo / analise de medicamentos | G20: 3|180 | I20: ch | J20: chapa | K20: RDC Presencial | N20: DER_PR
C21: 37 | D21: servicos: terceirizacao de mao-de-obra | E21: 500 | F21: maqueteira | G21: 3|500 | I21: chi | J21: custo hora improdutiva | K21: Regras Internacionais | N21: EMBASA
C22: 42 | D22: servicos: transporte de cargas e passageiros | E22: 632 | F22: projetos em geral | G22: 3|632 | I22: chp | J22: custo hora produtiva | K22: Tomada de Preços | N22: IOPES
C23: 45 | D23: servicos: graficos/similares | E23: 1 | F23: aterro sanitário | G23: 7|1 | I23: cil | J23: cilindro | N23: ORSE
C24: 47 | D24: servicos: som, imagem e programacao visual | E24: 2 | F24: coleta de resíduos sólidos urbanos (rsu) | G24: 7|2 | I24: cj | J24: conjunto | N24: PLEO/FRANARIN
C25: 52 | D25: servicos: manutencao de veiculos, equipamentos e aeronaves | E25: 3 | F25: coleta e transporte de resíduos sólidos de serviços de saúde (rsss) | G25: 7|3 | I25: cm | J25: centimetro | N25: SBC
C26: 57 | D26: servicos: manut/equip/escrit/eletrodomesticos/refrigeracao | E26: 4 | F26: coleta seletiva | G26: 7|4 | I26: cmcol | J26: centimetro/coluna | N26: SEDOP
C27: 59 | D27: servicos: serralheria/marcen./carpin./metalurgica/fundicao | E27: 5 | F27: disposição final de resíduos sólidos de serviços de saúde (rsss) | G27: 7|5 | I27: cn | J27: cone | N27: SEINFRA
C28: 62 | D28: servicos: locacao de veiculos, equipamentos e aeronaves | E28: 6 | F28: disposição final de resíduos sólidos urbanos (rsu) | G28: 7|6 | I28: col | J28: coleção | N28: SETOP
C29: 63 | D29: serviços: locacao de imoveis | E29: 7 | F29: estação de transbordo | G29: 7|7 | I29: com | J29: comprimido | N29: SICFER
C30: 64 | D30: aquisição de imoveis | E30: 8 | F30: estação/central de tratamento de resíduos | G30: 7|8 | I30: cr | J30: cartucho | N30: SICRO/DNIT
C31: 70 | D31: maquinas p/autenticar/registrar/franquear e similares | E31: 9 | F31: recuperação de área degradada | G31: 7|9 | I31: crg | J31: carga | N31: SINAPI
C32: 72 | D32: servicos: vigilancia/seguranca/transporte de valores | E32: 10 | F32: transporte de resíduos sólidos urbanos (rsu) | G32: 7|10 | I32: cx | J32: caixa | N32: SIURB
C33: 77 | D33: servicos: alimentacao | E33: 11 | F33: triagem de resíduos sólidos urbanos (rsu) | G33: 7|11 | I33: dia | J33: dia | N33: SMOV/PMPA
C34: 82 | D34: servicos: hotelaria/agencias de viagem e turismo | E34: 12 | F34: unidade de triagem | G34: 7|12 | I34: dose | J34: dose | N34: SUDECAP
C35: 97 | D35: servicos: bilheteria / estacionamento | E35: 99 | F35: outro serviço de resíduos sólidos | G35: 7|99 | I35: drg | J35: drágea | N35: TCPO/PINI
C36: 105 | D36: livros/publicacoes/revistas | E36: 1 | F36: administrativo | G36: 8|1 | I36: dz | J36: dúzia
C37: 107 | D37: servicos: seguros | E37: 2 | F37: albergue/abrigo | G37: 8|2 | I37: eixo | J37: por eixo
C38: 112 | D38: servicos: contratacao parceria/invest./arrend/merchandising | E38: 3 | F38: auditório/teatro | G38: 8|3 | I38: emb | J38: embalagem
C39: 113 | D39: servicos: contratacao instituicao de ensino superior | E39: 4 | F39: creas/cras | G39: 8|4 | I39: env | J39: envelope
C40: 117 | D40: servicos: informatica-software/hardware | E40: 5 | F40: delegacia | G40: 8|5 | I40: es | J40: estojo
C41: 120 | D41: papel/papelao/cartao/cartolina | E41: 6 | F41: depósito/pavilhão | G41: 8|6 | I41: fa | J41: frasco-ampola
C42: 122 | D42: servicos: fornecimento de vales/tickets | E42: 7 | F42: edifício-garagem | G42: 8|7 | I42: fd | J42: fardo
C43: 127 | D43: servicos: analises clinicas/laborat. e exames medicos/odont. | E43: 8 | F43: escola/creche | G43: 8|8 | I43: fita | J43: fita
C44: 140 | D44: equipamentos/materiais p/recreacao/deficientes | E44: 9 | F44: estação/terminal de passageiros | G44: 8|9 | I44: fl | J44: folha
C45: 150 | D45: instrumentos musicais/componentes/acessorios | E45: 10 | F45: ginásio de esportes/estádio | G45: 8|10 | I45: flac | J45: flaconete
C46: 160 | D46: equipamentos/materiais esportivos | E46: 11 | F46: habitação | G46: 8|11 | I46: fr | J46: frasco
C47: 185 | D47: embalagens em geral/cordas/barbantes/fitas (exceto p/med.) | E47: 12 | F47: hospital | G47: 8|12 | I47: fx | J47: feixe
... C126: 910 | D126: equipamentos/materiais odontologicos | E126: 8 | F126: montagem e desmontagem de estruturas temporárias | G126: 15|8 | I126: vg | J126: viagem
C127: 930 | D127: equipamentos/materiais/medicamentos veterinarios | E127: 9 | F127: montagem e desmontagem de fôrmas para concreto | G127: 15|9
C128: 950 | D128: animais | E128: 10 | F128: serviços de impermeabilização | G128: 15|10
C129: 960 | D129: forragens e outros alimentos p/animais | E129: 11 | F129: serviços de reforço e recuperação estrutural | G129: 15|11
C130: 965 | D130: adubos/corretivos do solo | E130: 12 | F130: serviços de terraplenagem | G130: 15|12
C131: 970 | D131: defensivos agricolas/domesticos | E131: 13 | F131: sondagens e estudos geotécnicos | G131: 15|13
C132: 980 | D132: sementes/mudas de plantas | E132: 99 | F132: outro serviço especializado para construção | G132: 15|99
C133: 990 | D133: produtos quimicos de limpeza/higiene | E133: 1 | F133: elevadores e escadas rolantes | G133: 16|1
E134: 2 | F134: instalações de alarmes, supervisão e automação predial | G134: 16|2
E135: 3 | F135: instalações de comunicação de dados e televisão a cabo | G135: 16|3
E136: 4 | F136: instalações de controle de acesso e circuito fechado de televisão | G136: 16|4
E137: 5 | F137: instalações de eletricidade e iluminação (cabos e instalações elétricas) | G137: 16|5
E138: 6 | F138: instalações de gás, fluidos e vapor | G138: 16|6
E139: 7 | F139: instalações de prevenção e combate à incêndio (ppci) | G139: 16|7
E140: 8 | F140: instalações de refrigeração, climatização e aquecimento | G140: 16|8
E141: 9 | F141: instalações de telefonia, de comunicações e sonorização ambiente | G141: 16|9
E142: 10 | F142: instalações de ventilação e exaustão | G142: 16|10
E143: 11 | F143: instalações hidráulicas e sanitárias | G143: 16|11
E144: 12 | F144: sistema de proteção contra descargas atmosféricas (spda) | G144: 16|12
E145: 99 | F145: outro serviço de instalações | G145: 16|99
... E1817: 736 | F1817: saponaceos | G1817: 990|736

Sheet Tipo de Objeto x Familia
A1: Tipo de Objeto | B1: Código | C1: Família | D1: apoio1 | E1: apoio2 | F1: Tipo de Objeto | G1: Código Família | H1: Família
A2: Compras | B2: 2 | C2: equipamentos/materiais p/escritorio/escola/artes plasticas | D2: 1 | E2: =IF(A2=$F$2,B2,"") | F2: =IF(Identificação!$C$5=0,"",Identificação!$C$5) -> Obras e Serviços de Engenharia | G2: =IFERROR(SMALL($E$2:$E$250,D2),"") -> 7 | H2: =IFERROR(VLOOKUP(G2,base!$C$2:$D$133,2,FALSE),"") -> serviços de engenharia/obras: resíduos sólidos
A3: Compras e Outros Serviços | B3: 2 | C3: equipamentos/materiais p/escritorio/escola/artes plasticas | D3: 2 | E3: =IF(A3=$F$2,B3,"") | G3: =IFERROR(SMALL($E$2:$E$250,D3),"") -> 8 | H3: =IFERROR(VLOOKUP(G3,base!$C$2:$D$133,2,FALSE),"") -> serviços de engenharia/obras: edificações
A4: Compras e Outros Serviços | B4: 3 | C4: servicos técnicos: projetos/auditorias/ consultorias/assessorias | D4: 3 | E4: =IF(A4=$F$2,B4,"") | G4: =IFERROR(SMALL($E$2:$E$250,D4),"") -> 9 | H4: =IFERROR(VLOOKUP(G4,base!$C$2:$D$133,2,FALSE),"") -> serviços de engenharia/obras: rodovias, ferrovias e aeroportos
A5: Outros Serviços | B5: 3 | C5: servicos técnicos: projetos/auditorias/ consultorias/assessorias | D5: 4 | E5: =IF(A5=$F$2,B5,"") | G5: =IFERROR(SMALL($E$2:$E$250,D5),"") -> 10 | H5: =IFERROR(VLOOKUP(G5,base!$C$2:$D$133,2,FALSE),"") -> serviços de engenharia/obras: obras-de-arte-especiais
A6: Obras e Serviços de Engenharia | B6: 7 | C6: serviços de engenharia/obras: resíduos sólidos | D6: 5 | E6: =IF(A6=$F$2,B6,"") -> 7 | G6: =IFERROR(SMALL($E$2:$E$250,D6),"") -> 11 | H6: =IFERROR(VLOOKUP(G6,base!$C$2:$D$133,2,FALSE),"") -> serviços de engenharia/obras: urbanização
A7: Obras e Serviços de Engenharia | B7: 8 | C7: serviços de engenharia/obras: edificações | D7: 6 | E7: =IF(A7=$F$2,B7,"") -> 8 | G7: =IFERROR(SMALL($E$2:$E$250,D7),"") -> 12 | H7: =IFERROR(VLOOKUP(G7,base!$C$2:$D$133,2,FALSE),"") -> serviços de engenharia/obras: infraestrutura de energia
A8: Obras e Serviços de Engenharia | B8: 9 | C8: serviços de engenharia/obras: rodovias, ferrovias e aeroportos | D8: 7 | E8: =IF(A8=$F$2,B8,"") -> 9 | G8: =IFERROR(SMALL($E$2:$E$250,D8),"") -> 13 | H8: =IFERROR(VLOOKUP(G8,base!$C$2:$D$133,2,FALSE),"") -> serviços de engenharia/obras: saneamento
A9: Obras e Serviços de Engenharia | B9: 10 | C9: serviços de engenharia/obras: obras-de-arte-especiais | D9: 8 | E9: =IF(A9=$F$2,B9,"") -> 10 | G9: =IFERROR(SMALL($E$2:$E$250,D9),"") -> 14 | H9: =IFERROR(VLOOKUP(G9,base!$C$2:$D$133,2,FALSE),"") -> serviços de engenharia/obras: obras portuárias, marítimas e fluviais
A10: Obras e Serviços de Engenharia | B10: 11 | C10: serviços de engenharia/obras: urbanização | D10: 9 | E10: =IF(A10=$F$2,B10,"") -> 11 | G10: =IFERROR(SMALL($E$2:$E$250,D10),"") -> 15 | H10: =IFERROR(VLOOKUP(G10,base!$C$2:$D$133,2,FALSE),"") -> serviços de engenharia/obras: serviços especializados para construção
A11: Obras e Serviços de Engenharia | B11: 12 | C11: serviços de engenharia/obras: infraestrutura de energia | D11: 10 | E11: =IF(A11=$F$2,B11,"") -> 12 | G11: =IFERROR(SMALL($E$2:$E$250,D11),"") -> 16 | H11: =IFERROR(VLOOKUP(G11,base!$C$2:$D$133,2,FALSE),"") -> serviços de engenharia/obras: inst. elétricas, hidráulicas e outras inst. em construções
A12: Obras e Serviços de Engenharia | B12: 13 | C12: serviços de engenharia/obras: saneamento | D12: 11 | E12: =IF(A12=$F$2,B12,"") -> 13 | G12: =IFERROR(SMALL($E$2:$E$250,D12),"") -> 17 | H12: =IFERROR(VLOOKUP(G12,base!$C$2:$D$133,2,FALSE),"") -> serviços de engenharia/obras: serviços técnicos de engenharia e arquitetura
A13: Obras e Serviços de Engenharia | B13: 14 | C13: serviços de engenharia/obras: obras portuárias, marítimas e fluviais | D13: 12 | E13: =IF(A13=$F$2,B13,"") -> 14 | G13: =IFERROR(SMALL($E$2:$E$250,D13),"") | H13: =IFERROR(VLOOKUP(G13,base!$C$2:$D$133,2,FALSE),"")
A14: Obras e Serviços de Engenharia | B14: 15 | C14: serviços de engenharia/obras: serviços especializados para construção | D14: 13 | E14: =IF(A14=$F$2,B14,"") -> 15 | G14: =IFERROR(SMALL($E$2:$E$250,D14),"") | H14: =IFERROR(VLOOKUP(G14,base!$C$2:$D$133,2,FALSE),"")
... A250: Compras e Outros Serviços | B250: 990 | C250: produtos quimicos de limpeza/higiene | D250: 249 | E250: =IF(A250=$F$2,B250,"") | G250: =IFERROR(SMALL($E$2:$E$250,D250),"") | H250: =IFERROR(VLOOKUP(G250,base!$C$2:$D$133,2,FALSE),"")
